 Dungeon Crawl Stone Soup version 0.31.0-2-g5a2aebc5c2 (webtiles) character file.

Game seed: 14882266071551937648

1637880 Skeral the Eclecticist (level 26, 282/282 HPs)
             Began as an Oni Alchemist on Jan 20, 2024.
             Was an Initiate of Gozag.
             Escaped with the Orb
             ... and 3 runes!
             The game lasted 06:17:01 (69018 turns).

Skeral the Eclecticist (Oni Alchemist)             Turns: 69018, Time: 06:17:01

Health: 282/282    AC: 21    Str: 19    XL:     26   Next: 70%
Magic:  47/47      EV: 15    Int: 26    God:    Gozag
Gold:   4643       SH: 17    Dex: 17    Spells: 10/65 levels left

rFire   + . .        b - staff of conjuration {!a}
rCold   + + +        w - +4 kite shield {rC+ rF+}
rNeg    + . .        x - +6 acid dragon scales
rPois   +            M - +2 hat {Will+}
rElec   .            R - scarf "Genull" {harm, Regen+ Dex+6 Slay-3 SInv}
rCorr   +            (gloves unavailable)
SInv    +            (boots unavailable)
Will    +++..        c - amulet of magic regeneration
Stlth   +            W - ring "Peazips" {rPois rC+ rN+ Int+2 Dex+2}
HPRegen 1.47/turn    O - +4 ring of protection
MPRegen 0.70/turn

%: harm (+30% outgoing, +20% incoming)
@: studying 3 skills
A: large, unfitting armour, horns 1, tough skin 1, double potion healing,
drunken brawling, cold resistance 1, mutation resistance 1
0: Orb of Zot
}: 3/15 runes: barnacled, slimy, gossamer
a: Renounce Religion, Potion Petition, Call Merchant, Bribe Branch


You escaped.
You worshipped Gozag.
Gozag was most pleased with you.
You visited 13 branches of the dungeon, and saw 56 of its levels.
You also visited: Trove, Sewer and Ice Cave.

You collected 28537 gold pieces.
You spent 3869 gold pieces at shops.
You paid 20025 gold pieces to Gozag.


Innate Abilities, Weirdness & Mutations

You are too large for most types of armour.
You have a pair of small horns on your head.
You have tough skin. (AC +1)
You gain doubled healing and magic from potions.
Whenever you drink a healing potion, you attack all around you.
Your flesh is cold resistant. (rC+)
You are somewhat resistant to further mutation.


   Skills:
 - Level 19.9 Fighting
 - Level 12.0 Staves
 - Level 10.5 Armour
 - Level 12.0 Dodging
 - Level 1.4 Stealth
 - Level 12.0 Shields
 - Level 20.0 Spellcasting
 - Level 19.0 Conjurations
 + Level 18.1 Summonings
 - Level 8.0 Translocations
 - Level 8.0 Fire Magic
 - Level 12.0 Ice Magic
 - Level 11.0 Air Magic
 - Level 10.0 Alchemy
 - Level 3.0 Evocations


You had 10 spell levels left.
You knew the following spells:

 Your Spells              Type           Power      Damage    Failure   Level
b - Blink                 Tloc           100%       N/A       1%          2
c - Freezing Cloud        Conj/Ice/Air   49%        6-21      1%          5
d - Orb of Destruction    Conj           56%        9d14      1%          7
f - Sticky Flame          Fire/Alch      64%        2d11      1%          4
g - Summon Cactus Giant   Summ           44%        N/A       1%          6
i - Iskenderun's Mystic   Conj/Tloc      97%        2d19      1%          4
m - Mephitic Cloud        Conj/Alch/Air  97%        N/A       1%          3
o - Olgreb's Toxic Radia  Alch           67%        N/A       1%          4
p - Fulminant Prism       Conj/Alch      50%        3d23      1%          4
s - Spellforged Servitor  Conj/Summ      55%        N/A       1%          7
I - Irradiate             Conj/Alch      50%        3d28      1%          5
P - Passage of Golubria   Tloc           61%        N/A       1%          4

Your spell library contained the following spells:

 Spells                   Type           Power      Damage    Failure   Level
 Magic Dart               Conj           100%       1d8       0%          1
 Shock                    Conj/Air       100%       1d9       0%          1
 Sting                    Conj/Alch      100%       1d9       0%          1
 Summon Small Mammal      Summ           100%       N/A       0%          1
 Call Imp                 Summ           100%       N/A       0%          2
 Apportation              Tloc           100%       N/A       1%          1
 Freeze                   Ice            100%       1d10      1%          1
 Cigotuvi's Dreadful Rot  Necr/Alch/Air  100%       N/A       1%          2
 Ensorcelled Hibernation  Hex/Ice        100%       N/A       1%          2
 Lesser Beckoning         Tloc           100%       N/A       1%          2
 Mercury Vapours          Alch/Air       100%       N/A       1%          2
 Momentum Strike          Conj/Tloc      100%       3d10      1%          2
 Dazzling Flash           Conj/Hex       100%       N/A       1%          3
 Frozen Ramparts          Ice            100%       1d16      1%          3
 Gell's Gravitas          Tloc           61%        N/A       1%          3
 Hailstorm                Conj/Ice       100%       3d16      1%          3
 Inner Flame              Hex/Fire       46%        N/A       1%          3
 Ozocubu's Armour         Ice            73%        N/A       1%          3
 Stone Arrow              Conj/Erth      100%       3d13      1%          3
 Summon Ice Beast         Ice/Summ       81%        N/A       1%          3
 Swiftness                Air            70%        N/A       1%          3
 Teleport Other           Tloc           61%        N/A       1%          3
 Volatile Blastmotes      Fire/Tloc      100%       2d18      1%          3
 Airstrike                Air            35%        2d(5-21)  1%          4
 Brom's Barrelling Bould  Conj/Erth      85%        2d10      1%          4
 Flame Wave               Conj/Fire      97%        2d20      1%          4
 Ignite Poison            Fire/Alch      64%        N/A       1%          4
 Manifold Assault         Tloc           61%        N/A       1%          4
 Summon Blazeheart Golem  Fire/Summ      76%        N/A       1%          4
 Fireball                 Conj/Fire      48%        3d19      1%          5
 Iskenderun's Battlesphe  Conj           100%       2d15      1%          5
 Summon Forest            Summ/Tloc      38%        N/A       1%          5
 Conjure Ball Lightning   Conj/Air       51%        3x3d18    1%          6
 Summon Mana Viper        Hex/Summ       65%        N/A       2%          5
 Starburst                Conj/Fire      48%        6d13      2%          6
 Necrotise                Necr           100%       1d9       3%          1
 Sandblast                Erth           52%        2d12      3%          1
 Slow                     Hex            100%       N/A       3%          1
 Petrify                  Alch/Erth      51%        N/A       4%          4
 Jinxbite                 Hex            52%        N/A       5%          2
 Sublimation of Blood     Necr           26%        N/A       5%          2
 Sculpt Simulacrum        Ice/Alch       35%        N/A       6%          6
 Dimensional Bullseye     Hex/Tloc       23%        N/A       7%          4
 Metabolic Englaciation   Hex/Ice        27%        N/A       9%          5
 Confusing Touch          Hex            26%        N/A       11%         3
 Fugue of the Fallen      Necr           26%        N/A       11%         3
 Passwall                 Erth           26%        N/A       11%         3
 Sigil of Binding         Hex            26%        N/A       11%         3
 Tukima's Dance           Hex            26%        N/A       11%         3
 Vampiric Draining        Necr           26%        2d7       11%         3
 Bombard                  Conj/Erth      42%        9d7       11%         6
 Yara's Violent Unravell  Hex/Alch       25%        3d11      13%         5
 Malign Gateway           Summ/Tloc      38%        N/A       14%         7
 Ozocubu's Refrigeration  Ice            36%        4d15      22%         7
 Anguish                  Hex/Necr       13%        N/A       34%         4
 Cause Fear               Hex            13%        N/A       34%         4
 Haunt                    Necr/Summ      32%        N/A       58%         7
 Borgnjor's Vile Clutch   Necr/Erth      13%        N/A       69%         5
 Maxwell's Capacitive Co  Air            35%        ∞         95%         8
 Enfeeble                 Hex            13%        N/A       100%        7
 Borgnjor's Revivificati  Necr           13%        N/A       100%        8
 Discord                  Hex            13%        N/A       100%        8
 Ignition                 Fire           30%        3d10      100%        8
 Infestation              Necr           13%        N/A       100%        8
 Chain Lightning          Conj/Air       51%        3d68      100%        9
 Death's Door             Necr           13%        N/A       100%        9
 Fire Storm               Conj/Fire      48%        8d12      100%        9
 Shatter                  Erth           13%        3d13*     100%        9
 Animate Dead             Necr           Unusable   N/A       N/A         4

Inventory:

Hand Weapons
 F - a +9 demon trident of freezing
   (You bought it in a shop on level 2 of the Orcish Mines)
Missiles
 y - 9 curare-tipped darts {=f}
 J - 3 throwing nets {=f!f}
 P - 7 javelins
 Y - 25 silver javelins
Armour
 g - the +1 cloak "Xabasaga" {Regen+ rCorr Int+6}
   (You acquired it on level 1 of the Crypt)

   Int+6:     It affects your intelligence (+6).
   Regen+:    It increases your rate of health regeneration.
   rCorr:     It protects you from acid and corrosion.
 v - the scarf of Kiblas {repulsion, rElec rC+}
   (You acquired it on level 1 of the Shoals)

   rC+:       It protects you from cold.
   rElec:     It insulates you from electricity.
 w - a +4 kite shield of resistance (worn)
   (You took it off a gnoll sergeant on level 11 of the Dungeon)
 x - +6 acid dragon scales (worn)
   (You took it off Maggie on level 6 of the Dungeon)
 D - the crystal ball of Wucad Mu {*channel}
   (You found it on level 3 of the Realm of Zot)

   *Channel:  It often returns the magic spent to cast spells, but lowers their
   success rate.
   It always returns the magic spent on miscasts.
 M - a +2 hat of willpower (worn)
   (You found it on level 4 of the Spider Nest)
 R - the scarf "Genull" (worn) {harm, Regen+ Dex+6 Slay-3 SInv}
   (You found it on level 2 of the Lair of Beasts)

   Dex+6:     It affects your dexterity (+6).
   Slay-3:    It affects your accuracy & damage with ranged weapons and melee
   (-3).
   SInv:      It lets you see invisible.
   Regen+:    It increases your rate of health regeneration.
 S - the +18 shield of the Gong {Loud rN+ Will+ rCorr EV-5}
   (You found it in a treasure trove)

   Loud:      It is deafeningly noisy when blocking attacks.
   EV-5:      It affects your evasion (-5).
   rN+:       It protects you from negative energy.
   Will+:     It increases your willpower.
   rCorr:     It protects you from acid and corrosion.
Magical Staves
 a - the staff "Uquhien" {rPois rN+ rCorr Dex-2 Tloc Alchemy, !a}
   (You found it on level 5 of the Lair of Beasts)

   [staff of alchemy]

   Base accuracy: +5 Base damage: 5 Base attack delay: 1.2 This weapon's minimum
   attack delay (0.6) is reached at skill level 12.
   Dex-2:     It affects your dexterity (-2).
   rPois:     It protects you from poison rN+: It protects you from negative
   energy.
   rCorr:     It protects you from acid and corrosion.
   Tloc:      It increases the power of your Translocations spells.
   Alchemy:   It increases the power of your Alchemy spells.
   It falls into the 'Staves' category.
   It is a one-handed weapon.
 b - a staff of conjuration (weapon) {!a}
   (You found it on level 7 of the Dungeon)
Jewellery
 c - an amulet of magic regeneration (around neck)
   (You found it on level 1 of the Dungeon)
 q - the ring of Eternity {rCorr Int+3}
   (You took it off a deep elf death mage on level 3 of the Elven Halls)

   [ring of resist corrosion]

   Int+3:     It affects your intelligence (+3).
   rCorr:     It protects you from acid and corrosion.
 A - the amulet of Olluaruz {rElec Regen+ Int+2}
   (You found it on level 5 of the Pits of Slime)

   [amulet of regeneration]

   Int+2:     It affects your intelligence (+2).
   rElec:     It insulates you from electricity.
   Regen+:    It increases your rate of health regeneration.
 B - the amulet "Wengujel" {Reflect ^Contam rElec rC++ Str+2 SH+5}
   (You found it in an ice cave)

   [amulet of reflection]

   Reflect:   It reflects blocked missile attacks.
   Str+2:     It affects your strength (+2).
   rC++:      It greatly protects you from cold.
   rElec:     It insulates you from electricity.
   ^Contam:   It causes magical contamination when unequipped.
   SH+5:      It affects your SH (+5).
 E - a ring of willpower
   (You found it on level 11 of the Dungeon)
 L - a ring of flight
   (You found it on level 5 of the Pits of Slime)
 O - a +4 ring of protection (right hand)
   (You found it on level 2 of the Spider Nest)
 W - the ring "Peazips" (left hand) {rPois rC+ rN+ Int+2 Dex+2}
   (You found it on level 3 of the Crypt)

   [ring of positive energy]

   Int+2:     It affects your intelligence (+2).
   Dex+2:     It affects your dexterity (+2).
   rC+:       It protects you from cold.
   rPois:     It protects you from poison rN+: It protects you from negative
   energy.
Wands
 f - a wand of acid (51)
   (You found it on level 5 of the Dungeon)
 m - a wand of roots (72)
   (You found it on level 8 of the Dungeon)
 K - a wand of flame (84)
   (You found it on level 2 of the Vaults)
 X - a wand of digging (8)
   (You found it on level 15 of the Dungeon)
Scrolls
 d - 12 scrolls of fog
 h - 16 scrolls of fear
 o - 13 scrolls of blinking {!r}
 r - 26 scrolls of teleportation {@r4}
 Q - 6 scrolls of revelation
 U - 4 scrolls of butterflies
 Z - 2 scrolls of silence {!r}
Potions
 i - 2 potions of invisibility
 j - 19 potions of curing {@q1}
 k - 5 potions of enlightenment
 l - 3 potions of haste {@q3}
 n - 11 potions of brilliance
 p - 5 potions of heal wounds {@q2}
 s - 5 potions of magic
 t - 6 potions of lignification {!q}
 u - 16 potions of mutation {!q}
 z - 2 potions of attraction {!q}
 G - 4 potions of cancellation
 H - 5 potions of might
 N - a potion of berserk rage {!q}
 T - 12 potions of ambrosia
 V - 5 potions of resistance
Miscellaneous
 e - a condenser vane
   (You found it on level 7 of the Dungeon)
 C - a lightning rod (4/4)
   (You found it on level 4 of the Shoals)

Dungeon Overview and Level Annotations

Branches:
Dungeon (15/15)            Temple (1/1) D:4            Lair (5/5) D:11
 Shoals (4/4) Lair:2       Spider (4/4) Lair:2        Slime (5/5) Lair:5
    Orc (2/2) D:10            Elf (3/3) Orc:2        Vaults (4/5) D:13
  Crypt (3/3) Vaults:2       Tomb (1/3) Crypt:3      Depths (4/4) D:15
    Zot (5/5) Depths:4      Sewer (visited)           IceCv (visited)

Altars:
Ashenzari
Cheibriados
Dithmenos
Elyvilon
Fedhas
Gozag
Hepliaklqana
Kikubaaqudgha
Makhleb
Nemelex Xobeh
Okawaru
Qazlal
Ru
Sif Muna
Trog
Uskayaw
Vehumet
Wu Jian
Xom
Yredelemnul
Zin
The Shining One
Jiyva
Lugonu

Shops:
D:5 !?([   Orc:2 *[(!(   Elf:1 ?   Elf:3 ?   Lair:2 ?[[   Lair:5 ?   Vaults:1 (

Portals:
Hell: Depths:1 Depths:2 Depths:3 Depths:4
Abyss: Depths:3 Depths:4
Pandemonium: Depths:2
Ziggurat: Depths:3

Annotations:
Elf:2 3 runed translucent doors
Depths:4 3 runed translucent doors
Zot:2 Vv
Zot:4 2 transporters, Cyqimiab's ghost, legendary MfGl

#.#.# #>........###+## #.
#.#.# ##.#..###.###.###### #.
....# #.........##......# #.
#.### ###..##''##..#..###.# #.
#.# ##...##§..§##....# #.# #.
#.#
##..####≈≈≈≈####..###.####.
#.#
#..##############..........
..#
#.####≈≈§§§≈§≈####..#######
### #.# #≈§≈§§@.≈≈≈# #...# #.#
#..§§.§....# #.#.# ##.#
#'##....##'# #.#.#
##..###..##''##..###...#
##..###⌠..#....#..⌠###..##
#..########....########..#
#.###≈≈≈....#.....≈≈§###.#
####.#≈≈≈≈........#...≈≈≈≈#.##
.......≈≈...#..#...#..)§§....#


There were no monsters in sight!


Message History

Press: ? - help, Shift-Dir - straight line, f - Orb Guardian
Aim: an Orb Guardian (moderately wounded)
You feel a surge of power!
The wavering orb of destruction weakly hits the Orb Guardian!! 😎 MP[-7]
You lost 7 mp, and now have 36/47 mp.
Casting: Orb of Destruction (mildly dangerous; 1% risk of failure)
Confirm with . or Enter, or press ? or * to list all spells.
You feel a surge of power!
You erupt in a blast of force!
The mystic blast hits the Orb Guardian!!
The Orb Guardian is knocked back by the mystic blast. 😎 MP[-3]
You lost 3 mp, and now have 33/47 mp.
You hit the Orb Guardian. You block the Orb Guardian's attack.
You hit the Orb Guardian but do no damage.
You blast the Orb Guardian!
You kill the Orb Guardian! 😎 MP[+1]
You now have 4643 gold pieces (gained 17). 😎 MP[+1]
There is a stone staircase leading up here.
You climb upwards.
There is a stone staircase leading down here. 😎 MP[+1]
Your extra speed is starting to run out.
There is a stone staircase leading up here. 😎 MP[+7]
You regained 7 mp, and now have 43/47 mp.
You climb upwards.
You feel yourself slow down.
There is a stone staircase leading down here. 😎 MP[+1]
A profane servitor comes into view. It is wielding a +1 whip. 😎 MP[+3]
Your mp is fully restored (47).
Casting: Iskenderun's Mystic Blast (safe; 1% risk of failure)
Confirm with . or Enter, or press ? or * to list all spells.
Aiming: Orb of Destruction (mildly dangerous; 1% risk of failure)
Press: ? - help, Shift-Dir - straight line, f - profane servitor
Aim: a profane servitor, wielding a +1 whip (umbra)
You feel a surge of power! 😎 MP[-6]
You lost 6 mp, and now have 41/47 mp.
Casting: Orb of Destruction (mildly dangerous; 1% risk of failure)
Confirm with . or Enter, or press ? or * to list all spells.
Aiming: Orb of Destruction (mildly dangerous; 1% risk of failure)
Press: ? - help, Shift-Dir - straight line, f/p - profane servitor
Aim: a profane servitor, wielding a +1 whip (magical condensation, heavily damaged, umbra)
You feel a surge of power!
The wavering orb of destruction hits the profane servitor!! 😎 MP[-6]
You lost 6 mp, and now have 35/47 mp.
There is a stone staircase leading up here. 😎 MP[+1]
Casting: Orb of Destruction (mildly dangerous; 1% risk of failure)
Confirm with . or Enter, or press ? or * to list all spells.
You feel a surge of power!
You erupt in a blast of force!
The mystic blast hits the profane servitor!!
The profane servitor is knocked back by the mystic blast. 😎 MP[-4]
You lost 4 mp, and now have 32/47 mp.
Casting: Iskenderun's Mystic Blast (safe; 1% risk of failure)
Confirm with . or Enter, or press ? or * to list all spells.
Aiming: Orb of Destruction (mildly dangerous; 1% risk of failure)
Press: ? - help, Shift-Dir - straight line, f/p - profane servitor
Aim: a profane servitor, wielding a +1 whip (almost destroyed, umbra)
You feel a surge of power!
The wavering orb of destruction hits the profane servitor!!
You blow up the profane servitor!
Training target 12.0 for Dodging reached!
Your Dodging skill increases to level 12! 😎 MP[-6]
You lost 6 mp, and now have 26/47 mp.
You climb upwards.
There is a stone staircase leading down here. 😎 MP[+2]
You regained 2 mp, and now have 28/47 mp.
There is an escape hatch in the ceiling here. 😎 MP[+13]
You regained 13 mp, and now have 41/47 mp.
A mysterious force pulls you upwards.
The hatch slams shut behind you. 😎 MP[+1]
An Orb Guardian comes into view. 😎 MP[+5]
Your mp is fully restored (47).
Aiming: Dig
Press: ? - help, Shift-Dir - straight line You can't see that place. [the floor.]
The rock shatters into small pieces.
You enter the shallow water.
There is a stone staircase leading up, spattered with blood here.
You climb upwards.
There is a stone staircase leading down here.
There is a stone staircase leading up here.
You climb upwards.
There is a stone staircase leading down here.
There is a large open door here.
There is a staircase leading out of the dungeon here.
You have escaped!

Skill      XL: |  1  2  3  4  5  6  7  8  9 10 11 12 13 14 15 16 17 18 19 20 21 22 23 24 25 26 |
---------------+-------------------------------------------------------------------------------+-----
Conjurations   | 1 2 3 4 5 6 7 8 10 12 13 14 16 18 19 | 19.0
Alchemy        | 3 4 5 6 7 8 10 | 10.0
Spellcasting   | 3 4 6 7 9 10 12 13 14 16 18 20 | 20.0
Air Magic      | 1 2 3 4 5 6 7 8 9 11 | 11.0
Fighting       | 2 3 4 5 7 8 10 11 14 16 18 19 | 19.9
Fire Magic     | 1 2 4 5 6 8 |  8.0
Armour         | 1 3 4 5 6 7 10 | 10.5
Staves         | 4 6 7 8 10 12 | 12.0
Ice Magic      | 6 7 8 9 11 12 | 12.0
Evocations     | 2 3 |  3.0
Dodging        | 2 6 7 9 12 | 12.0
Translocations | 2 4 6 8 |  8.0
Shields        | 5 9 11 12 | 12.0
Summonings     | 7 9 12 14 15 16 18 | 18.1
Stealth        | |  1.4

Action                     |  1- 3 |  4- 6 |  7- 9 | 10-12 | 13-15 | 16-18 | 19-21 | 22-24 | 25-27 || total
---------------------------+-------+-------+-------+-------+-------+-------+-------+-------+-------++-------
  Melee: Short sword       |     8 |    13 |       |       |       |       |       |       |       ||    21
         Headbutt          |     1 |     2 |    22 |    37 |    52 |    91 |   100 |   153 |    66 ||   524
         Punch             |     1 |       |     2 |     1 |     1 |       |       |       |       ||     5
         Dagger            |       |    22 |    87 |       |       |       |       |       |       ||   109
         Whip              |       |       |       |    58 |       |       |       |       |       ||    58
         Staff             |       |       |       |   104 |   196 |   293 |   302 |   440 |   226 ||  1561
   Cast: Sting             |    45 |   208 |   132 |    84 |   104 |     4 |       |       |       ||   577
         Mercury Vapours   |     2 |     4 |     9 |     7 |     1 |    26 |     2 |       |       ||    51
         Mephitic Cloud    |       |     1 |     9 |    14 |     3 |     1 |       |       |       ||    28
         Olgreb's Toxic Ra |       |       |    11 |    44 |   128 |   153 |    43 |     2 |     1 ||   382
         Sticky Flame      |       |       |    19 |   125 |   138 |    92 |    30 |    26 |     7 ||   437
         Freezing Cloud    |       |       |       |     4 |    99 |   119 |   185 |    10 |     4 ||   421
         Fulminant Prism   |       |       |       |     3 |    26 |    39 |    59 |    36 |       ||   163
         Iskenderun's Myst |       |       |       |       |    21 |   119 |   253 |   161 |    31 ||   585
         Irradiate         |       |       |       |       |       |     2 |    10 |       |     3 ||    15
         Summon Blazeheart |       |       |       |       |       |     3 |     3 |     1 |       ||     7
         Orb of Destructio |       |       |       |       |       |       |    39 |   368 |   146 ||   553
         Spellforged Servi |       |       |       |       |       |       |       |   117 |    60 ||   177
         Summon Cactus Gia |       |       |       |       |       |       |       |     8 |    20 ||    28
         Passage of Golubr |       |       |       |       |       |       |       |       |     2 ||     2
 Invoke: Call Merchant     |       |       |       |       |     1 |     2 |       |     1 |       ||     4
         Potion Petition   |       |       |       |       |       |     1 |     3 |     1 |     3 ||     8
         Bribe Branch      |       |       |       |       |       |       |       |     1 |     3 ||     4
  Evoke: Wand              |       |       |       |     1 |       |    11 |       |     2 |     9 ||    23
         Condenser vane    |       |       |       |       |       |     1 |       |       |       ||     1
         Lightning rod     |       |       |       |       |       |       |       |     3 |       ||     3
    Use: Potion            |     1 |     1 |       |     2 |     1 |     3 |     3 |     3 |    13 ||    27
         Scroll            |       |       |     8 |     4 |    11 |    14 |    12 |     9 |    11 ||    69
   Stab: Sleeping          |       |     1 |       |       |       |     1 |       |     2 |       ||     4
         Distracted        |       |     1 |       |     1 |     1 |       |     3 |     8 |     6 ||    20
         Invisible         |       |       |       |       |       |     1 |       |       |     1 ||     2
 Armour: Robe              |    17 |    77 |    44 |       |       |       |       |       |       ||   138
         Acid dragon scale |       |       |    51 |   224 |   340 |   715 |   438 |   524 |   263 ||  2555
  Dodge: Dodged            |     9 |    70 |   134 |   202 |   216 |   203 |   130 |   213 |   105 ||  1282
         Repelled          |       |       |       |       |       |       |     5 |       |       ||     5
  Block: Kite shield       |       |       |       |       |    62 |   397 |   209 |   406 |   216 ||  1290

Levels and vault maps discovered:
D:1:      denvon_arrival_hothouse, layout_loops_corners
D:2:      layout_loops_ring
D:3:      layout_loops_ring, portal_sewer_entry_d
D:4:      layout_rooms, fedhas_altar_fruit_tree, mainiacjoe_overflow_swirl,
          minmay_temple_entry_offerings, serial_rivers,
          chequers_serial_rivers_small_3, chequers_serial_rivers_room_a,
          chequers_serial_rivers_room_b, chequers_serial_rivers_micro_d,
          chequers_serial_rivers_room_a, mrwooster_statue_mirror, st_stairs_9,
          grunt_decor_mini_mirrors, chequers_serial_rivers_small_b,
          minmay_misc_feat_iff
D:5:      layout_gridville, serial_shops, shop, shop, nicolae_diamond_shop,
          shop, st_stairs_10, fountainhead
D:6:      layout_rooms, general_overflow_altar, mainiacjoe_overflow_alcove_4,
          uniq_maggie, uniq_duvessa
D:7:      minmay_the_grid_triangle_9x9_recursive_2
          [minmay_the_grid_triangle_9x9_prize_center,
          minmay_the_grid_triangle_9x9_minimal,
          minmay_the_grid_triangle_9x9_corrupted_corridor,
          minmay_the_grid_triangle_9x9_semitri], layout_loops_corners,
          solitary_fountain, uniq_menkaure, uniq_joseph
D:8:      layout_gridville, nicolae_uskayaw_en_pointe, nicolae_tricolors,
          uniq_psyche
D:9:      layout_roguey, mainiacjoe_overflow_two_lobes
D:10:     layout_layer_cave, mainiacjoe_overflow_catwalk_spiral,
          hiddenorc2_lemuel, laboratory
D:11:     minmay_inner_zag, layout_irregular_city, erik_lair_island,
          serial_demonic, serial_demonic_c, serial_demonic_c, serial_demonic_b,
          serial_demonic_a, roderic_roman_lattice
D:12:     layout_roguey, gauntlet_entry_generic, uniq_azrael
D:13:     layout_stronghold, grunt_vaults_entry_tiered,
          portal_ice_cave_entry_ice_simulacra,
          nicolae_gozag_cash_rules_everything_around_me
D:14:     minmay_bloctagon, layout_cave_pools, enter_trove_5
D:15:     hangedman_depths_entry_try_elsewhere_first, layout_rooms
Temple:   hellmonk_temple_two_chambers
Lair:1:   gammafunk_boulding_lane, layout_cave_pods
Lair:2:   layout_gridlike, mainiacjoe_shoals_entry_four_pools,
          spider_nest_entry_funnel_web, special_room [special_room_bee]
Lair:3:   layout_roguey, lemuel_fruit_fields
Lair:4:   layout_cave_pods, minmay_stone_trees_small
Lair:5:   gammafunk_lair_ancient_temple, layout_cave_shapes, slime_entry_1
Shoals:1: layout_shoals, gammafunk_ghost_grave, nicolae_tricolors, uniq_donald
Shoals:2: layout_shoals, nicolae_shoals_songs
Shoals:3: layout_shoals, uniq_jorgrun
Shoals:4: shoals_end_hellmonk_storm_palace [storm_palace_center_ruins,
          storm_palace_corner_altar, storm_palace_corner_blocked,
          storm_palace_corner_altar, storm_palace_corner_altar]
Spider:1: layout_spider_delve, ebering_ghost_rock_garden
Spider:2: layout_spider_delve, nicolae_spider_stair_cavern,
          hangedman_spider_tarantella_strand, uniq_arachne
Spider:3: layout_spider_delve
Spider:4: grunt_spider_rune_circles, nicolae_spider_claw_tunnel
Slime:1:  layout_caves
Slime:2:  layout_caves
Slime:3:  layout_caves, basic_altar, uniq_dissolution
Slime:4:  layout_caves
Slime:5:  slime_pit
Orc:1:    layout_caves, basic_altar, roderic_batcave
Orc:2:    grunt_orc_community_town_hall, layout_caves,
          grunt_orc_community_big_house_2, grunt_orc_community_big_house_2,
          grunt_orc_community_house_2, grunt_orc_community_house_1,
          grunt_orc_community_house_2, grunt_orc_community_house_3,
          grunt_orc_community_house_1, serial_shops,
          nicolae_shop_window_shopping, uniq_saint_roka
Elf:1:    nicolae_elf_arrival_no_cutting_in_line, layout_geoelf_octagon,
          serial_shops, shop, minmay_elf_crystal_hexagon
Elf:2:    elven_hall_of_blades_hangedman_original [mumra_blade_entry_bloodbath],
          layout_rooms, uniq_louise
Elf:3:    minmay_elf_hall, layout_gridlike, basic_altar, serial_shops,
          shop_scrolls, uniq_nikola
Vaults:1: nicolae_vaults_stepped_doors, v_alt_pattern_1, vaults_room_corners,
          v_misc_16, v_misc_4, nicolae_vaults_little_squares_4, v_misc_22,
          v_alt_pattern_2, nicolae_vaults_circle_grid_b,
          nicolae_vaults_taking_the_gang_shopping,
          nicolae_vaults_mini_display_case, vaults_room_ringed_pool,
          hangedman_vaults_corner_blocks, v_misc_25,
          nicolae_vaults_lightning_bolt, layout_vaults_maze
Vaults:2: hangedman_vaults_capsules, v_misc_10, minmay_crypt_entry_vampire_xt,
          nicolae_vaults_trapezoid_3, vaults_standard_mumra_lines,
          nicolae_vaults_little_squares_4, nicolae_vaults_door_testing_chamber,
          vaults_dpeg_ring, vaults_dpeg_encased_lava, layout_vaults_omnicross
Vaults:3: nicolae_vaults_apartment_1, st_squares, nicolae_vaults_rhombus_6,
          nicolae_vaults_twisting_passages, nicolae_vaults_meiosis,
          grunt_vaults_hallway_long, nicolae_vaults_triangles,
          grunt_vaults_hallway_short, vaults_room_corners,
          hangedman_vaults_maws, v_rooms_3, layout_vaults_ring
Vaults:4: nicolae_vaults_house_1, nicolae_vaults_offset_grid_hallway_1,
          nicolae_vaults_storing_the_good_stuff,
          nicolae_vaults_variable_pillar_hall, nicolae_vaults_circle_grid_b,
          v_pattern_2, nicolae_vaults_closet_pinwheel_2,
          nicolae_vaults_bisected_slash, nicolae_vaults_more_shelving_2,
          v_alt_pattern_6, vaults_room_hallway, layout_vaults_omnigrid
Crypt:1:  layout_rooms, hellmonk_ghost_happy_afterlife,
          nicolae_crypt_deepening_niches, grunt_crypt_arrival_split, uniq_xtahua
Crypt:2:  layout_gridlike, wad_floor_pattern_2, lemuel_statue_altar
Crypt:3:  grunt_crypt_end_deaths_head
Tomb:1:   uniq_mennas
Depths:1: hangedman_screamer, layout_basic, hellmouth_1, minmay_misc_feat_five,
          minivault_15, kennysheep_small_spiral, dreamdust_wishing_well,
          grunt_decor_one_mirror, st_stairs_10, grunt_ministairs_9,
          trog_three_pillars_becter
Depths:2: hangedman_cross_cluster, layout_basic, grunt_pan_entry_spiral,
          hell_entry
Depths:3: minmay_box_of_curves, layout_twisted_cross, enter_ziggurat_d,
          abyss_entry_flame_altar, serial_sigils,
          serial_sigils_hangedman_writhe, serial_sigils_hangedman_scratch,
          serial_sigils_hangedman_etch, serial_sigils_hangedman_snap,
          hell_entry, uniq_parghit
Depths:4: grunt_zot_entry_gee_three, layout_basic, minmay_room_of_horrors,
          hell_entry, bh_walls_and_bars, pandoras_box_mu
Zot:1:    layout_concentric_octagons, regret_index_zotdec_stipple_waver,
          hangedman_swamp_dais
Zot:2:    layout_cellular_growth, regret_index_zotdec_banners, uniq_vv
Zot:3:    layout_basic, hangedman_zot_decor_checkerboard
Zot:4:    kennysheep_spiral_hall, layout_cathedral_of_symmetry,
          gammafunk_ghost_arena
Zot:5:    layout_basic, skrybe_zot_glass_1

Notes
Turn   | Place    | Note
-------+----------+-------------------------------------------
     0 | D:1      | Skeral the Oni Alchemist began the quest for the Orb.
     0 | D:1      | Reached XP level 1. HP: 16/16 MP: 3/3
     0 | D:1      | magus.rc [v1.10.3]
   290 | D:1      | Reached skill level 1 in Conjurations
   495 | D:1      | Reached XP level 2. HP: 24/24 MP: 2/5
   786 | D:1      | Learned a level 2 spell: Mercury Vapours
   812 | D:1      | Reached skill level 3 in Alchemy
   868 | D:2      | HP: 1/24 [iguana (12)]
   873 | D:2      | Reached skill level 3 in Spellcasting
   873 | D:2      | Reached XP level 3. HP: 3/31 MP: 4/7
  1001 | D:2      | Reached skill level 1 in Air Magic
  1020 | D:2      | You pick up a book of Blasting and begin reading...
  1020 | D:2      | You add the spells Volatile Blastmotes, Fulminant Prism and
                  | Iskenderun's Mystic Blast to your library.
  1054 | D:2      | You add the spells Tukima's Dance, Passage of Golubria and
                  | Yara's Violent Unravelling to your library.
  1085 | D:2      | Reached XP level 4. HP: 39/39 MP: 3/8
  1195 | D:2      | Reached skill level 2 in Conjurations
  1267 | D:2      | Learned a level 3 spell: Mephitic Cloud
  1661 | D:2      | Reached XP level 5. HP: 26/46 MP: 8/10
  1663 | D:2      | Reached skill level 1 in Fighting
  1712 | D:3      | Learned a level 4 spell: Sticky Flame
  1865 | D:3      | Found a glowing drain.
  1915 | Sewer    | Entered a sewer
  2046 | Sewer    | Reached skill level 2 in Fighting
  2046 | Sewer    | Reached XP level 6. HP: 50/57 MP: 6/11
  2075 | Sewer    | Reached skill level 4 in Spellcasting
  2174 | Sewer    | Reached skill level 2 in Air Magic
  2319 | Sewer    | Reached skill level 3 in Fighting
  2319 | Sewer    | Reached skill level 3 in Conjurations
  2319 | Sewer    | Reached skill level 4 in Alchemy
  2913 | D:4      | Found a staircase to the Ecumenical Temple.
  2932 | D:4      | You pick up a book of the Wilderness and begin reading...
  2932 | D:4      | You add the spells Summon Forest, Summon Mana Viper and
                  | Summon Cactus Giant to your library.
  2936 | Temple   | Entered the Ecumenical Temple
  2940 | Temple   | Became a worshipper of Gozag Ym Sagoz the Greedy
  3025 | D:4      | Reached XP level 7. HP: 61/67 MP: 11/13
  3032 | D:4      | Learned a level 4 spell: Olgreb's Toxic Radiance
  3329 | D:4      | Found a blossoming altar of Fedhas.
  3519 | D:4      | Found a snail-covered altar of Cheibriados.
  3530 | D:4      | Found a shimmering altar of Xom.
  3837 | D:5      | Entered Level 5 of the Dungeon
  3841 | D:5      | Reached skill level 4 in Fighting
  3846 | D:5      | Reached skill level 3 in Air Magic
  3879 | D:5      | Found Ciock's Armour Boutique.
  4001 | D:5      | You pick up a book of Dangerous Friends and begin
                  | reading...
  4001 | D:5      | You add the spells Summon Blazeheart Golem, Orb of
                  | Destruction and Spellforged Servitor to your library.
  4011 | D:5      | Found Vietholo's Weapon Emporium.
  4026 | D:5      | Reached skill level 1 in Fire Magic
  4068 | D:5      | Reached XP level 8. HP: 67/79 MP: 8/14
  4126 | D:5      | You pick up a book of Spectacle and begin reading...
  4126 | D:5      | You add the spells Dazzling Flash, Starburst and Maxwell's
                  | Capacitive Coupling to your library.
  4137 | D:5      | Found Kalomoj's Magic Scroll Shop.
  4171 | D:5      | Bought a scroll of teleportation for 39 gold pieces
  4171 | D:5      | Bought a scroll of revelation for 97 gold pieces
  4171 | D:5      | Bought a scroll of identify for 26 gold pieces
  4171 | D:5      | Bought a scroll of identify for 26 gold pieces
  4377 | D:5      | Found Azeavue's Distillery.
  4383 | D:5      | Reached skill level 4 in Conjurations
  4396 | D:5      | Bought a potion of mutation for 112 gold pieces
  4396 | D:5      | Bought a potion of heal wounds for 70 gold pieces
  4396 | D:5      | Bought a potion of curing for 42 gold pieces
  4686 | D:6      | Noticed Maggie
  4695 | D:6      | Reached skill level 5 in Fighting
  4714 | D:6      | Killed Maggie
  4715 | D:6      | Reached skill level 2 in Fire Magic
  4715 | D:6      | Reached skill level 4 in Air Magic
  4715 | D:6      | Reached skill level 5 in Alchemy
  4827 | D:6      | Found a glowing silver altar of Zin.
  4842 | D:6      | Noticed Duvessa
  4851 | D:6      | Noticed Dowan
  4866 | D:6      | Killed Duvessa
  4871 | D:6      | Killed Dowan
  4872 | D:6      | Reached skill level 1 in Armour
  4891 | D:6      | Reached XP level 9. HP: 73/89 MP: 11/15
  4905 | D:6      | Reached skill level 6 in Fighting
  4940 | D:6      | Killed an unseen horror
  4941 | D:6      | Reached skill level 3 in Fire Magic
  5000 | D:6      | You pick up a book of Vapours and begin reading...
  5136 | D:6      | Reached skill level 5 in Conjurations
  5616 | D:7      | Reached skill level 2 in Armour
  5789 | D:7      | Noticed a two-headed ogre
  5797 | D:7      | Killed a two-headed ogre
  5798 | D:7      | Reached skill level 7 in Fighting
  5798 | D:7      | Reached skill level 5 in Air Magic
  5798 | D:7      | Reached skill level 6 in Alchemy
  5818 | D:7      | Reached skill level 3 in Armour
  5818 | D:7      | Reached skill level 4 in Fire Magic
  5818 | D:7      | Reached XP level 10. HP: 97/102 MP: 7/17
  5822 | D:7      | Reached skill level 5 in Spellcasting
  5897 | D:7      | Reached skill level 1 in Staves
  5929 | D:7      | Noticed Menkaure
  5932 | D:7      | Killed Menkaure
  6067 | D:6      | Found a radiant altar of Vehumet.
  6105 | D:7      | Noticed a gargoyle
  6154 | D:6      | Learned a level 5 spell: Freezing Cloud
  6206 | D:7      | Reached skill level 2 in Staves
  6620 | D:7      | Noticed Joseph
  6627 | D:7      | Killed Joseph
  6628 | D:7      | Reached skill level 8 in Fighting
  6628 | D:7      | Reached skill level 3 in Staves
  6703 | D:8      | Reached skill level 6 in Conjurations
  6717 | D:7      | Noticed a boulder beetle
  6729 | D:7      | Killed a boulder beetle
  6730 | D:7      | Reached skill level 4 in Armour
  6784 | D:7      | Reached skill level 4 in Staves
  6784 | D:7      | Reached skill level 6 in Spellcasting
  6928 | D:8      | Noticed Psyche
  6933 | D:8      | Reached skill level 7 in Alchemy
  6940 | D:8      | Reached skill level 5 in Fire Magic
  6945 | D:8      | Killed Psyche
  6976 | D:8      | Reached XP level 11. HP: 109/111 MP: 13/20
  7047 | D:8      | You add the spells Ozocubu's Refrigeration and Discord to
                  | your library.
  7196 | D:8      | Noticed a +0 spear
  7196 | D:8      | Noticed a +0 dagger
  7197 | D:8      | Noticed a +0 spear
  7197 | D:8      | Noticed a +0 short sword
  7198 | D:8      | Noticed a +0 dagger
  7198 | D:8      | Noticed a +0 falchion
  7199 | D:8      | Noticed a +0 falchion
  7199 | D:8      | Noticed a +0 short sword
  7206 | D:8      | Found a hide-covered altar of Uskayaw.
  7295 | D:9      | Reached skill level 5 in Armour
  7302 | D:9      | Reached skill level 1 in Ice Magic
  7327 | D:9      | You pick up a book of Cantrips and begin reading...
  7327 | D:9      | You add the spells Necrotise, Summon Small Mammal and
                  | Apportation to your library.
  7445 | D:9      | Reached skill level 7 in Conjurations
  7641 | D:9      | Reached skill level 5 in Staves
  7735 | D:9      | Noticed a two-headed ogre
  7746 | D:9      | Killed a two-headed ogre
  7747 | D:9      | Reached skill level 2 in Ice Magic
  7914 | D:9      | You pick up a book of Battle and begin reading...
  7914 | D:9      | You add the spells Fugue of the Fallen, Ozocubu's Armour
                  | and Manifold Assault to your library.
  7948 | D:9      | Found a burning altar of Makhleb.
  7979 | D:9      | Found a shimmering blue altar of Sif Muna.
  8043 | D:10     | Entered Level 10 of the Dungeon
  8148 | D:10     | Noticed an arcanist
  8163 | D:10     | Killed an arcanist
  8164 | D:10     | Reached skill level 6 in Staves
  8207 | D:10     | Noticed a large abomination
  8221 | D:10     | Reached skill level 6 in Fire Magic
  8221 | D:10     | Reached skill level 3 in Ice Magic
  8513 | D:10     | Reached skill level 8 in Alchemy
  8668 | D:10     | Found a hazy altar of Hepliaklqana.
  8757 | D:10     | Found a staircase to the Orcish Mines.
  8764 | D:10     | Reached skill level 4 in Ice Magic
  8923 | D:10     | Found a sparkling altar of Nemelex Xobeh.
  9006 | D:10     | Killed a large abomination
  9028 | D:10     | Reached skill level 5 in Ice Magic
  9077 | D:10     | HP: 24/111 [large abomination (33)]
  9660 | D:7      | Reached skill level 6 in Ice Magic
  9660 | D:7      | Reached XP level 12. HP: 90/119 MP: 21/21
  9818 | D:7      | You pick up a book of Spatial Translocations and begin
                  | reading...
  9818 | D:7      | You add the spells Blink, Momentum Strike and Lesser
                  | Beckoning to your library.
 10387 | D:11     | Found a staircase to the Lair.
 10404 | D:11     | Noticed a boulder beetle
 10416 | D:11     | Killed a boulder beetle
 10447 | D:11     | Noticed a soul eater
 10671 | D:11     | Reached skill level 7 in Staves
 10709 | D:11     | Noticed a two-headed ogre
 10719 | D:11     | Killed a two-headed ogre
 10892 | D:11     | Reached skill level 9 in Fighting
 11102 | D:11     | You pick up a book of Air and begin reading...
 11102 | D:11     | You add the spells Shock, Swiftness and Airstrike to your
                  | library.
 11180 | D:11     | Killed a soul eater
 11274 | D:11     | Learned a level 4 spell: Fulminant Prism
 11418 | D:11     | You pick up a book of Debilitation and begin reading...
 11418 | D:11     | You add the spells Slow, Sigil of Binding, Vampiric
                  | Draining and Confusing Touch to your library.
 11470 | D:11     | Reached skill level 6 in Air Magic
 11591 | Lair:1   | Entered Level 1 of the Lair of Beasts
 12009 | D:5      | Bought a potion of resistance for 140 gold pieces
 12009 | D:5      | Bought a potion of magic for 112 gold pieces
 12197 | Lair:1   | Reached skill level 7 in Ice Magic
 12201 | Lair:1   | Reached skill level 1 in Evocations
 12294 | Lair:1   | Reached skill level 8 in Conjurations
 12400 | Lair:1   | Reached skill level 10 in Fighting
 12400 | Lair:1   | Reached skill level 2 in Evocations
 12403 | Lair:1   | Reached XP level 13. HP: 121/133 MP: 15/22
 12737 | Lair:1   | Found a transporter.
 12739 | Lair:1   | Found a transporter.
 12757 | Lair:1   | You pick up a book of Spectacle and begin reading...
 12828 | Lair:1   | Reached skill level 7 in Air Magic
 13033 | Lair:2   | Reached skill level 3 in Evocations
 13104 | Lair:2   | Reached skill level 8 in Ice Magic
 13113 | Lair:2   | Identified the scarf "Genull" {harm, Regen+ Dex+6 Slay-3
                  | SInv}
 13182 | Lair:2   | Reached skill level 9 in Conjurations
 13266 | Lair:2   | Found a hole to the Spider Nest.
 13724 | Lair:2   | Reached skill level 10 in Conjurations
 14013 | Lair:2   | Bought a scroll of blinking for 112 gold pieces
 14013 | Lair:2   | Bought a scroll of butterflies for 60 gold pieces
 14013 | Lair:2   | Bought a scroll of amnesia for 60 gold pieces
 14013 | Lair:2   | Bought a scroll of identify for 30 gold pieces
 14013 | Lair:2   | Bought a scroll of identify for 30 gold pieces
 14014 | Lair:2   | Identified a scroll of acquirement
 14015 | Lair:2   | Acquired 722 gold pieces
 14650 | Lair:3   | Reached skill level 7 in Spellcasting
 14739 | Lair:3   | magus.rc [v1.10.3]
 14747 | Lair:4   | Identified the +3 mace "Uloninoe" {heavy, rElec rN+++ Str-5
                  | Dex+3}
 14852 | Lair:4   | Acquired the amulet "Qath" {Fly rElec rPois Will- Regen+}
 15475 | Lair:5   | Entered Level 5 of the Lair of Beasts
 15497 | Lair:5   | Reached XP level 14. HP: 132/143 MP: 19/25
 15563 | Lair:4   | Reached skill level 7 in Fire Magic
 15644 | Lair:5   | Reached skill level 8 in Air Magic
 15808 | Lair:4   | Reached skill level 8 in Spellcasting
 15880 | Lair:4   | magus.rc [v1.10.3]
 16039 | Lair:5   | Reached skill level 11 in Conjurations
 16298 | Lair:5   | Reached skill level 8 in Fire Magic
 16301 | Lair:5   | Reached skill level 9 in Spellcasting
 16558 | Lair:5   | Reached skill level 12 in Conjurations
 16558 | Lair:5   | Reached skill level 8 in Staves
 16567 | Lair:5   | Learned a level 4 spell: Iskenderun's Mystic Blast
 16638 | Lair:5   | Found a viscous altar of Jiyva.
 16639 | Lair:5   | Found a staircase to the Slime Pits.
 16718 | Lair:5   | Reached skill level 2 in Dodging
 16795 | Lair:5   | Identified the staff "Uquhien" {rPois rN+ rCorr Dex-2 Tloc
                  | Alchemy}
 16800 | Lair:5   | Identified the +1 hand axe of Shame {venom, rN+}
 17018 | Orc:1    | Entered Level 1 of the Orcish Mines
 17237 | Orc:1    | Reached skill level 1 in Translocations
 17594 | Orc:2    | Entered Level 2 of the Orcish Mines
 17769 | Orc:2    | Found a staircase to the Elven Halls.
 17787 | Orc:2    | Noticed Saint Roka
 17997 | Orc:2    | HP: 22/143 [Saint Roka/bolt (26)]
 18242 | Orc:2    | Found Kinwix's Distillery.
 18248 | Orc:2    | Bought a potion of mutation for 120 gold pieces
 18248 | Orc:2    | Bought a potion of curing for 45 gold pieces
 18248 | Orc:2    | Bought a potion of might for 60 gold pieces
 18248 | Orc:2    | Bought a potion of brilliance for 60 gold pieces
 18835 | Lair:2   | Found a staircase to the Shoals.
 18850 | Lair:2   | Reached skill level 2 in Translocations
 19100 | Spider:1 | Entered Level 1 of the Spider Nest
 19106 | Spider:1 | Reached XP level 15. HP: 149/149 MP: 8/28
 19478 | D:12     | Noticed Azrael
 19594 | D:12     | Killed Azrael
 19595 | D:12     | Reached skill level 1 in Shields
 19703 | D:12     | Found a gate leading to a gauntlet.
 19941 | D:13     | Learned a level 2 spell: Blink
 19972 | D:13     | Reached skill level 3 in Translocations
 20120 | D:13     | Found a frozen archway.
 20146 | D:13     | Reached skill level 10 in Spellcasting
 20181 | IceCv    | Entered an ice cave
 20300 | IceCv    | Reached skill level 2 in Shields
 20416 | IceCv    | Found the +8 frozen axe "Frostbite" {freeze, freezing
                  | cloud, *Noise Fly rC+}
 20629 | IceCv    | Identified the amulet "Wengujel" {Reflect ^Contam rElec
                  | rC++ Str+2 SH+5}
 20898 | D:13     | Found an opulent altar of Gozag.
 21242 | D:13     | Reached skill level 9 in Ice Magic
 21350 | D:13     | Reached skill level 9 in Air Magic
 21379 | D:13     | Reached skill level 3 in Shields
 21379 | D:13     | Reached skill level 4 in Translocations
 21699 | D:13     | magus.rc [v1.10.3]
 21746 | D:13     | Found a gate to the Vaults.
 21765 | D:13     | Reached skill level 4 in Shields
 21877 | D:14     | Reached skill level 13 in Conjurations
 22102 | D:14     | Reached skill level 5 in Shields
 22116 | D:13     | HP: 33/149 [flayed ghost (20)]
 22334 | D:14     | HP: 37/149 [boulder beetle (49)]
 22340 | D:14     | Reached XP level 16. HP: 99/158 MP: 6/30
 22407 | D:14     | Reached skill level 6 in Shields
 22627 | D:13     | magus.rc [v1.10.3]
 22788 | D:14     | Found a portal to a secret trove of treasure.
 22847 | D:14     | You pick up a book of Spontaneous Combustion and begin
                  | reading...
 22847 | D:14     | You add the spells Inner Flame, Irradiate and Ignition to
                  | your library.
 23092 | D:14     | You pick up a book of Cantrips and begin reading...
 23212 | D:15     | Entered Level 15 of the Dungeon
 23413 | D:15     | Reached skill level 14 in Conjurations
 23459 | D:15     | Reached skill level 7 in Shields
 23663 | D:15     | Found a staircase to the Depths.
 23815 | D:15     | You add the spells Cigotuvi's Dreadful Rot and Ignite
                  | Poison to your library.
 23836 | D:15     | Learned a level 5 spell: Irradiate
 24043 | D:13     | magus.rc [v1.10.3]
 24160 | Lair:2   | Bought fading fire dragon scales for 1560 gold pieces
 24160 | Lair:2   | Identified the +0 fire dragon scales of the Poles {Harm
                  | rPois rF++ rC- Will- Stlth+} (You bought it in a shop on
                  | level 2 of the Lair of Beasts)
 24173 | Spider:1 | Reached skill level 6 in Armour
 24225 | Lair:2   | Reached skill level 8 in Shields
 24358 | Spider:1 | Found a runed translucent gate.
 24359 | Spider:1 | Found a runed translucent gate.
 24359 | Spider:1 | Noticed peter4's ghost (journeyman MiBe)
 24361 | Spider:1 | Found a runed translucent gate.
 24403 | Spider:1 | Reached skill level 9 in Shields
 25070 | Spider:2 | You add the spells Haunt, Borgnjor's Revivification and
                  | Death's Door to your library.
 25126 | Spider:2 | You pick up a book of Winter and begin reading...
 25126 | Spider:2 | You add the spells Metabolic Englaciation and Sculpt
                  | Simulacrum to your library.
 25214 | Spider:2 | Noticed Arachne
 25232 | Spider:2 | Killed Arachne
 25505 | Spider:3 | Reached skill level 11 in Fighting
 26207 | Spider:3 | Reached XP level 17. HP: 162/170 MP: 26/31
 26221 | Spider:3 | Reached skill level 10 in Shields
 26632 | Spider:2 | Reached skill level 12 in Fighting
 26632 | Spider:2 | Reached skill level 11 in Spellcasting
 26824 | Spider:4 | Entered Level 4 of the Spider Nest
 27015 | Spider:4 | Reached skill level 13 in Fighting
 27370 | Spider:4 | HP: 42/179 [disintegration (63)]
 27490 | Spider:4 | Reached skill level 14 in Fighting
 27723 | Spider:4 | Reached skill level 12 in Spellcasting
 27749 | Spider:4 | Learned a level 4 spell: Summon Blazeheart Golem
 27839 | Spider:4 | Reached skill level 11 in Shields
 27839 | Spider:4 | Reached skill level 1 in Summonings
 27859 | Spider:4 | Reached skill level 2 in Summonings
 28102 | Spider:4 | Reached skill level 3 in Summonings
 28242 | Spider:4 | Reached skill level 4 in Summonings
 28419 | Spider:4 | magus.rc [v1.10.3]
 28443 | Spider:4 | Reached skill level 5 in Summonings
 28589 | Spider:4 | Identified the +0 hat of Magic {Str+4}
 28600 | Spider:4 | Got a gossamer rune of Zot
 28824 | Shoals:1 | Entered Level 1 of the Shoals
 28877 | Shoals:1 | Noticed Donald
 28887 | Shoals:1 | Killed Donald
 28902 | Shoals:1 | Reached skill level 6 in Summonings
 29115 | Shoals:1 | Found a runed translucent door.
 29116 | Shoals:1 | Noticed archon2's ghost (adept DEFE)
 29305 | Shoals:1 | Acquired the scarf of Kiblas {repulsion, rElec rC+}
 29311 | Shoals:1 | Reached skill level 7 in Summonings
 29577 | Shoals:1 | Reached XP level 18. HP: 165/189 MP: 16/34
 29668 | Shoals:1 | magus.rc [v1.10.3]
 29692 | Shoals:2 | Reached skill level 8 in Summonings
 29945 | Shoals:2 | Reached skill level 3 in Dodging
 30814 | Shoals:3 | You pick up a book of Flames and begin reading...
 30926 | Shoals:3 | Identified the +11 scimitar "Vicoadgh" {flame, rF- rN++
                  | Int+4}
 30974 | Shoals:3 | Reached skill level 4 in Dodging
 31584 | Shoals:3 | magus.rc [v1.10.3]
 31585 | Shoals:4 | Entered Level 4 of the Shoals
 31657 | Shoals:4 | Reached skill level 9 in Summonings
 31660 | Shoals:4 | Paralysed by an air elemental for 1 turns
 31662 | Shoals:4 | Paralysed by an air elemental for 1 turns
 31664 | Shoals:4 | Reached skill level 13 in Spellcasting
 31763 | Shoals:4 | Found a stormy altar of Qazlal.
 31828 | Shoals:4 | Reached skill level 5 in Dodging
 32089 | Shoals:4 | Paralysed by an air elemental for 1 turns
 32095 | Shoals:4 | Paralysed by an air elemental for 1 turns
 32172 | Shoals:4 | Noticed a titan
 32184 | Shoals:4 | Killed a titan
 32203 | Shoals:4 | You pick up a book of the Spheres and begin reading...
 32203 | Shoals:4 | You add the spells Brom's Barrelling Boulder, Iskenderun's
                  | Battlesphere, Fireball and Conjure Ball Lightning to your
                  | library.
 32205 | Shoals:4 | Paralysed by an air elemental for 1 turns
 32249 | Shoals:4 | You pick up a book of Frost and begin reading...
 32249 | Shoals:4 | You add the spells Freeze, Frozen Ramparts and Hailstorm to
                  | your library.
 32262 | Shoals:4 | You pick up a book of Burglary and begin reading...
 32262 | Shoals:4 | You add the spells Ensorcelled Hibernation and Passwall to
                  | your library.
 32264 | Shoals:4 | Got a barnacled rune of Zot
 32332 | Shoals:4 | Reached skill level 6 in Dodging
 32335 | Shoals:4 | Paralysed by an air elemental for 1 turns
 32336 | Shoals:4 | Reached XP level 19. HP: 181/197 MP: 14/36
 32366 | Shoals:4 | Reached skill level 15 in Conjurations
 32468 | Shoals:4 | Found a stormy altar of Qazlal.
 32560 | Shoals:4 | Found a stormy altar of Qazlal.
 32563 | Shoals:4 | You pick up a book of Frost and begin reading...
 32842 | Orc:2    | HP: 37/197 [Saint Roka/bolt (42)]
 32844 | Orc:2    | Killed Saint Roka
 32986 | Orc:2    | Found Rebluaro's Assorted Antiques.
 33029 | Orc:2    | Bought a runed demon trident for 468 gold pieces
 33211 | Orc:2    | Found Mioraq's Antique Weapon Emporium.
 33614 | Orc:2    | Reached skill level 14 in Spellcasting
 33701 | Orc:2    | Found Xaghang's Antique Armour Emporium.
 33707 | Orc:2    | Found Isececk's Antique Weapon Shoppe.
 33778 | Elf:1    | Entered Level 1 of the Elven Halls
 33798 | Elf:1    | Reached skill level 5 in Translocations
 33834 | Elf:1    | magus.rc [v1.10.3]
 34101 | Elf:1    | Found Axuleiha's Magic Scroll Emporium.
 34134 | Elf:1    | Identified the orb "Fofarheo" {light, rPois Hexes Alchemy}
 34265 | Elf:1    | Bought a scroll of teleportation for 33 gold pieces
 34265 | Elf:1    | Bought a scroll of butterflies for 44 gold pieces
 34533 | Elf:1    | Identified the +0 pair of gloves of Impermeability {rElec
                  | rPois Will- Int+6}
 34656 | Elf:1    | Identified the +3 leather armour "Adoorer" {rN+}
 34697 | Elf:1    | Reached skill level 6 in Translocations
 34741 | Elf:1    | You pick up a book of Displacement and begin reading...
 34741 | Elf:1    | You add the spells Gell's Gravitas and Teleport Other to
                  | your library.
 35044 | Elf:2    | Found a runed translucent gate.
 35048 | Elf:2    | Found a runed translucent gate.
 35167 | Elf:2    | Reached skill level 16 in Conjurations
 35236 | Elf:2    | Found a runed translucent gate.
 35311 | Elf:2    | You add the spells Borgnjor's Vile Clutch and Bombard to
                  | your library.
 35311 | Elf:2    | Got Yghovogg's Volume of Ironbound Left-Handed Ceremonies
 35453 | Elf:2    | Reached skill level 9 in Staves
 35505 | Elf:2    | Reached skill level 15 in Fighting
 35863 | Vaults:1 | Entered Level 1 of the Vaults
 36164 | Vaults:1 | Reached skill level 10 in Staves
 36179 | Vaults:1 | Reached skill level 16 in Fighting
 36189 | Vaults:1 | Learned a level 7 spell: Orb of Destruction
 36230 | Vaults:1 | Found Oreogyizi's Weapon Shop.
 36600 | Vaults:1 | Reached XP level 20. HP: 213/213 MP: 12/38
 36715 | Vaults:1 | Reached skill level 17 in Conjurations
 37785 | Vaults:2 | Found a staircase to the Crypt.
 38285 | Vaults:2 | HP: 47/213 [war gargoyle/+2 great mace of holy wrath[a
                  | peacekeeper] (54)]
 38513 | Vaults:2 | Reached skill level 11 in Staves
 38691 | Vaults:2 | Reached skill level 18 in Conjurations
 38826 | Vaults:2 | Reached skill level 12 in Staves
 38958 | Vaults:2 | You pick up a book of Geomancy and begin reading...
 38958 | Vaults:2 | You add the spells Sandblast and Stone Arrow to your
                  | library.
 39005 | Vaults:2 | Reached skill level 17 in Fighting
 39188 | Vaults:2 | Reached skill level 18 in Fighting
 40326 | Vaults:3 | Reached XP level 21. HP: 232/232 MP: 4/39
 40395 | Vaults:3 | You pick up a book of Cantrips and begin reading...
 40480 | Vaults:3 | You pick up a book of Winter and begin reading...
 40537 | Vaults:3 | Reached skill level 19 in Fighting
 40874 | Vaults:4 | Reached skill level 10 in Summonings
 41036 | Vaults:4 | Learned a level 7 spell: Spellforged Servitor
 41240 | Vaults:4 | Reached skill level 15 in Spellcasting
 42121 | Vaults:4 | You pick up a book of Battle and begin reading...
 42502 | Vaults:4 | Identified the +3 spear "Howun" {vamp, +Blink Stlth+}
 42546 | Vaults:4 | Identified the +2 scale mail "Omagriraw" {+Inv rElec rC+}
 42555 | Vaults:4 | Identified the +7 sling of Bolon Xal {flame, *Corrode Fly
                  | Dex+2 SInv}
 42864 | Depths:1 | Entered Level 1 of the Depths
 43006 | D:15     | Reached skill level 11 in Summonings
 43330 | Slime:1  | Entered Level 1 of the Pits of Slime
 43336 | Slime:1  | Reached skill level 12 in Shields
 43370 | Lair:5   | Reached skill level 16 in Spellcasting
 43807 | Slime:1  | Reached skill level 12 in Summonings
 43926 | Slime:1  | magus.rc [v1.10.3]
 44111 | Slime:3  | Noticed Dissolution
 44169 | Slime:3  | Killed Dissolution
 44170 | Slime:3  | Reached XP level 22. HP: 109/243 MP: 20/42
 44381 | Slime:3  | You fall into a shaft and drop 1 floor!
 44386 | Slime:4  | Gained mutation: You occasionally lose the ability to read
                  | scrolls when taking damage. [a shining eye]
 44408 | Slime:3  | Lost mutation: You occasionally lose the ability to read
                  | scrolls when taking damage. [potion of mutation]
 44408 | Slime:3  | Gained mutation: You are weak. (Str -2) [potion of
                  | mutation]
 44408 | Slime:3  | Gained mutation: You are agile. (Dex +4, Str/Int -1)
                  | [potion of mutation]
 45205 | Slime:3  | Found a viscous altar of Jiyva.
 45275 | Slime:4  | Reached skill level 17 in Spellcasting
 45275 | Slime:4  | Reached skill level 13 in Summonings
 45376 | Slime:5  | Entered Level 5 of the Pits of Slime
 45564 | Slime:5  | Noticed the Royal Jelly
 45653 | Lair:5   | Bought a scroll of fear for 52 gold pieces
 45653 | Lair:5   | Bought a scroll of blinking for 97 gold pieces
 45653 | Lair:5   | Bought a scroll of blinking for 97 gold pieces
 45653 | Lair:5   | Bought a scroll of teleportation for 39 gold pieces
 45877 | Slime:5  | Killed the Royal Jelly
 46364 | Slime:5  | You pick up a book of Spatial Translocations and begin
                  | reading...
 46389 | Slime:5  | Got a slimy rune of Zot
 46390 | Slime:5  | Identified the amulet of Olluaruz {rElec Regen+ Int+2}
 46415 | Slime:5  | You pick up a book of Transmutation and begin reading...
 46415 | Slime:5  | You add the spells Sublimation of Blood and Petrify to your
                  | library.
 46419 | Slime:5  | You pick up a book of Misfortune and begin reading...
 46419 | Slime:5  | You add the spells Jinxbite and Enfeeble to your library.
 46812 | Slime:5  | Identified the +12 falchion of Trog {flame, SInv}
 47196 | Depths:1 | Identified the +3 kite shield "Nimierri" {rF+ Str+3 Int+3
                  | Slay-3}
 47271 | Depths:1 | Found a bloodstained altar of Trog.
 47605 | Depths:1 | Reached skill level 18 in Spellcasting
 47606 | Depths:1 | Found a gateway to Hell.
 48757 | Depths:1 | Reached skill level 14 in Summonings
 49673 | Depths:1 | Identified the ring of Roxtuah {Ice Str-5 Int+4 Slay+2}
 49739 | Depths:2 | Reached XP level 23. HP: 252/252 MP: 23/45
 49809 | Depths:1 | magus.rc [v1.10.3]
 50148 | Depths:2 | Found a one-way gate leading to the halls of Pandemonium.
 50830 | Depths:2 | Reached skill level 19 in Conjurations
 50955 | Depths:2 | Identified the +10 war axe of Dominance {freeze, rF- rC+
                  | Int+4}
 51284 | Depths:3 | You are sucked into a shaft and drop 1 floor!
 51284 | Depths:4 | Entered Level 4 of the Depths
 51338 | Depths:3 | Reached skill level 19 in Spellcasting
 51718 | Depths:3 | Identified +7 gold dragon scales
 51718 | Depths:3 | Noticed Parghit
 51725 | Depths:3 | Noticed a dread lich
 51726 | Depths:3 | Found a one-way gateway to a ziggurat.
 51726 | Depths:3 | Noticed a dread lich
 51729 | Depths:3 | Killed Parghit
 51733 | Depths:3 | 5 large rocks {=f}; +7 gold dragon scales {rare}
 51734 | Depths:3 | q - +7 gold dragon scales {rare}
 51740 | Depths:3 | Noticed a juggernaut
 51760 | Depths:3 | Killed a dread lich
 51973 | Depths:3 | Noticed a caustic shrike
 51978 | Depths:3 | Killed a caustic shrike
 52033 | Depths:3 | Noticed a caustic shrike
 52036 | Depths:3 | Killed a caustic shrike
 52116 | Depths:3 | Killed a juggernaut
 52117 | Depths:3 | Reached skill level 15 in Summonings
 52481 | Depths:3 | Found a corrupted altar of Lugonu.
 52481 | Depths:3 | Found a one-way gate to the infinite horrors of the Abyss.
 52674 | D:14     | You paid a toll of +7 gold dragon scales to enter a
                  | treasure trove
 52675 | Trove    | Entered a treasure trove
 52678 | Trove    | Found the +18 shield of the Gong {Loud rN+ Will+ rCorr
                  | EV-5}
 52678 | Trove    | Found the +1 robe of Vines {NoPotionHeal Regen++++}
 52680 | Trove    | Identified the +1 cloak of Leopt {rPois}
 52683 | Trove    | Identified the +0 robe of Ennui {Str-5 Int+2 Archmagi}
 52687 | Trove    | Identified the scarf "Nelidiec" {harm, *Corrode rN+ Int+2
                  | SInv}
 52689 | Trove    | Identified the +1 cloak of Resourcefulness {*Slow rN++
                  | Dex+2}
 52694 | Trove    | Identified the -2 hat of the Planets {Harm}
 52860 | Lair:2   | Bought a scroll of enchant armour for 112 gold pieces
 53092 | Crypt:1  | Entered Level 1 of the Crypt
 53092 | Crypt:1  | Noticed Xtahua
 53101 | Crypt:1  | Killed Xtahua
 53369 | Crypt:1  | Reached skill level 20 in Spellcasting
 54228 | Crypt:1  | Noticed Xenat's ghost (veteran MiGl)
 54230 | Crypt:1  | Found a runed translucent door.
 54303 | Crypt:1  | Killed Xenat's ghost
 54318 | Crypt:1  | Acquired the +1 cloak "Xabasaga" {Regen+ rCorr Int+6}
 54577 | Crypt:2  | Reached skill level 7 in Armour
 54798 | Crypt:2  | Found an ancient bone altar of Kikubaaqudgha.
 54936 | Crypt:2  | Reached XP level 24. HP: 249/250 MP: 30/47
 55070 | Crypt:2  | You pick up a book of Death and begin reading...
 55462 | Crypt:3  | Entered Level 3 of the Crypt
 55764 | Crypt:3  | Found an ancient bone altar of Kikubaaqudgha.
 56522 | Crypt:3  | Reached skill level 8 in Armour
 56705 | Crypt:3  | Reached skill level 10 in Ice Magic
 56705 | Crypt:3  | Reached skill level 10 in Air Magic
 56867 | Crypt:3  | Noticed Jory
 56888 | Crypt:3  | Killed Jory
 57035 | Crypt:3  | Identified the staff of Watchfulness {rPois rN+ Necro Air}
 57128 | Crypt:3  | Found a staircase to the Tomb.
 57165 | Crypt:3  | Identified the amulet of Impatience {Regen+ Str+4 Stlth+}
 57165 | Crypt:3  | Identified the ring "Peazips" {rPois rC+ rN+ Int+2 Dex+2}
 57165 | Crypt:3  | Identified the ring "Lajarhej" {rN+ Dex+3}
 57382 | Crypt:3  | Lost mutation: You are agile. (Dex +4, Str/Int -1) [potion
                  | of mutation]
 57382 | Crypt:3  | Lost mutation: You are weak. (Str -2) [potion of mutation]
 57382 | Crypt:3  | Gained mutation: Your flesh is cold resistant. (rC+)
                  | [potion of mutation]
 57382 | Crypt:3  | Gained mutation: You are somewhat resistant to further
                  | mutation. [potion of mutation]
 57717 | Depths:3 | Killed a dread lich
 57751 | Depths:3 | Learned a level 4 spell: Passage of Golubria
 57758 | Depths:3 | Learned a level 6 spell: Summon Cactus Giant
 57906 | Depths:4 | Reached skill level 9 in Armour
 58172 | Depths:4 | Found a gate to the Realm of Zot.
 58227 | Depths:4 | Noticed a caustic shrike
 58231 | Depths:4 | Killed a caustic shrike
 58685 | Depths:4 | Found a runed translucent gate.
 58685 | Depths:4 | Found a runed translucent gate.
 58685 | Depths:4 | Found a runed translucent gate.
 58956 | Depths:4 | Noticed a caustic shrike
 58962 | Depths:4 | Noticed a caustic shrike
 58968 | Depths:4 | Noticed a caustic shrike
 58975 | Depths:4 | Killed a caustic shrike
 58978 | Depths:4 | Killed a caustic shrike
 58979 | Depths:4 | Reached skill level 11 in Ice Magic
 58979 | Depths:4 | Reached skill level 11 in Air Magic
 58980 | Depths:4 | Killed a caustic shrike
 59003 | Depths:4 | Noticed a caustic shrike
 59006 | Depths:4 | Killed a caustic shrike
 59374 | Shoals:1 | Killed archon2's ghost
 59375 | Shoals:1 | Reached skill level 10 in Armour
 59482 | Spider:1 | Killed peter4's ghost
 59771 | Elf:3    | Entered Level 3 of the Elven Halls
 59773 | Elf:3    | Found a shimmering blue altar of Sif Muna.
 59869 | Elf:3    | Found Deicwox's Magic Scroll Shoppe.
 59878 | Elf:3    | Bought a scroll of teleportation for 42 gold pieces
 59878 | Elf:3    | Bought 2 scrolls of teleportation for 84 gold pieces
 59912 | Elf:3    | You pick up a book of Minor Magic and begin reading...
 59912 | Elf:3    | You add the spells Magic Dart and Call Imp to your library.
 59941 | Elf:3    | Paralysed by an air elemental for 1 turns
 60005 | Elf:3    | Paralysed by an air elemental for 1 turns
 60561 | Elf:3    | Noticed Nikola
 60566 | Elf:3    | Reached skill level 7 in Dodging
 60584 | Elf:3    | Killed Nikola
 60740 | Elf:3    | Identified the ring "Giexynar" {rF++ rC+ Int+6 Stlth+}
 60811 | Elf:3    | Reached XP level 25. HP: 190/273 MP: 11/47
 61112 | Elf:3    | Identified the +3 leather armour of Loss {*Corrode rC+
                  | Will+++}
 61112 | Elf:3    | Identified the ring of Eternity {rCorr Int+3}
 61131 | Elf:3    | Reached skill level 7 in Translocations
 61206 | Elf:3    | You pick up a book of Annihilations and begin reading...
 61206 | Elf:3    | You add the spells Chain Lightning, Fire Storm and Shatter
                  | to your library.
 61230 | Elf:3    | Identified the +7 rapier "Heahaer" {freeze, rC+ Str+2}
 61230 | Elf:3    | Identified the +1 robe of Sin {Will- rCorr Int+6 Dex+4}
 61256 | Elf:3    | You add the spells Dimensional Bullseye and Malign Gateway
                  | to your library.
 61256 | Elf:3    | Got the Textbook on the Singularity and Unhallowed Words
 61259 | Elf:3    | You pick up a book of the Tundra and begin reading...
 61294 | Elf:3    | You pick up a book of Hexes and begin reading...
 61294 | Elf:3    | You add the spells Anguish and Cause Fear to your library.
 61800 | Tomb:1   | Entered Level 1 of the Tomb of the Ancients
 61948 | Tomb:1   | Noticed Mennas
 62007 | Tomb:1   | Killed Mennas
 62861 | Tomb:1   | Noticed a royal mummy
 62868 | Tomb:1   | Killed a royal mummy
 62869 | Tomb:1   | Reached skill level 9 in Alchemy
 62995 | Tomb:1   | Noticed a royal mummy
 63001 | Tomb:1   | HP: 60/273 [??? (67)]
 63004 | Tomb:1   | Noticed a royal mummy
 63006 | Tomb:1   | HP: 54/273 [royal mummy/divine providence (13)]
 63025 | Tomb:1   | HP: 52/273 [death scarab[a royal mummy] (13)]
 63036 | Tomb:1   | HP: 38/273 [??? (42)]
 63042 | Tomb:1   | HP: 35/273 [royal mummy/divine providence (9)]
 63048 | Tomb:1   | Killed a royal mummy
 63048 | Tomb:1   | HP: 25/273 [something (15)]
 63651 | Depths:4 | magus.rc [v1.10.3]
 63762 | Zot:1    | Entered Level 1 of the Realm of Zot
 63764 | Zot:1    | Noticed an electric golem
 63774 | Zot:1    | Killed an electric golem
 63920 | Zot:1    | Reached skill level 8 in Translocations
 64160 | Zot:1    | Noticed a curse toe
 64192 | Zot:1    | HP: 50/273 [black draconian knight/shard of ice[a green
                  | draconian monk] (22)]
 64634 | Zot:1    | Reached skill level 16 in Summonings
 64774 | Zot:1    | Reached skill level 12 in Ice Magic
 64835 | Zot:1    | Identified the +5 great sword of Nuatt {antimagic, rF+
                  | Stlth+}
 65230 | Zot:2    | Reached skill level 8 in Dodging
 65465 | Zot:2    | Reached skill level 10 in Alchemy
 65776 | Zot:2    | Noticed Vv
 66002 | Zot:3    | Found the crystal ball of Wucad Mu {*channel}
 66003 | Zot:3    | Noticed an orb of fire
 66055 | Zot:3    | Noticed an electric golem
 66067 | Zot:3    | Killed an electric golem
 66314 | Zot:3    | Identified the +5 great sword of Jiqupue {venom, Dex+4}
 66514 | Zot:4    | Reached skill level 9 in Dodging
 66672 | Zot:4    | Noticed a curse toe
 66685 | Zot:4    | Reached XP level 26. HP: 278/279 MP: 42/47
 66820 | Zot:4    | Noticed an electric golem
 66838 | Zot:4    | Killed an electric golem
 67013 | Zot:4    | Killed a curse toe
 67161 | Zot:4    | Found a transporter.
 67165 | Zot:4    | Noticed Cyqimiab's ghost (legendary MfGl)
 67167 | Zot:4    | Found a transporter.
 67171 | Zot:4    | Identified the +0 triple sword of the Hurting Spider
                  | {heavy, Int+2}
 67251 | Zot:5    | Entered Level 5 of the Realm of Zot
 67419 | Zot:5    | Reached skill level 10 in Dodging
 67419 | Zot:5    | Reached skill level 17 in Summonings
 67546 | Zot:5    | Noticed an ancient lich
 67561 | Zot:5    | Noticed a dread lich
 67568 | Zot:5    | Noticed an orb of fire
 67571 | Zot:5    | Noticed an ancient lich
 67573 | Zot:5    | Killed a dread lich
 67574 | Zot:5    | Killed an ancient lich
 67574 | Zot:5    | Noticed an orb of fire
 67584 | Zot:5    | Noticed a Killer Klown
 67591 | Zot:5    | Noticed an electric golem
 67592 | Zot:5    | HP: 54/282 [???[a dread lich] (58)]
 67597 | Zot:5    | HP: 42/282 [orb of fire/bolt of fire (46)]
 67597 | Zot:5    | Killed a dread lich
 67598 | Zot:5    | Killed an orb of fire
 67600 | Zot:5    | Killed an electric golem
 67602 | Zot:5    | Killed an ancient lich
 67605 | Zot:5    | Killed an orb of fire
 67609 | Zot:5    | Killed an ancient lich
 67910 | Zot:5    | Noticed an orb of fire
 67928 | Zot:5    | Killed an orb of fire
 68013 | Zot:5    | Killed an orb of fire
 68014 | Zot:5    | Reached skill level 11 in Dodging
 68290 | Zot:5    | Got the Orb of Zot
 68298 | Zot:5    | Noticed an ancient lich
 68346 | Zot:5    | Killed an ancient lich
 68693 | D:10     | Reached skill level 18 in Summonings
 68912 | D:5      | Reached skill level 12 in Dodging
 69018 | D:$      | Escaped with the Orb!

Vanquished Creatures
  Dissolution (Slime:3)
  2 orbs of fire (Zot:5)
  A dread lich (Depths:3)
  An ancient lich (Zot:5)
  A juggernaut (Depths:3)
  Xtahua (Crypt:1)
  A royal mummy (Tomb:1)
  The ghost of Xenat the Impregnable, a veteran MiGl of Hepliaklqana (Crypt:1)
  Parghit (Depths:3)
  Saint Roka (Orc:2)
  4 caustic shrikes
  A profane servitor (D:5)
  Nikola (Elf:3)
  Jory (Crypt:3)
  3 golden dragons
  Arachne (Spider:2)
  A bone dragon (Crypt:3)
  An electric golem (Zot:1)
  3 tentacled monstrosities
  A walking crystal tome (Depths:3)
  10 Orb Guardians
  4 liches
  A titan (Shoals:4)
  3 deep elf blademasters (Elf:3)
  3 death cobs
  A kraken (Shoals:3)
  A deep elf master archer (Elf:3)
  A quicksilver dragon (Zot:3)
  9 acid blobs
  5 ancient champions
  2 shadow dragons
  10 sphinxes
  A tengu reaver (Vaults:4)
  3 revenants
  A storm dragon (Zot:1)
  Donald (Shoals:1)
  16 azure jellies
  A daeva (D:9)
  9 rockslimes
  A draconian knight (Zot:1)
  The ghost of archon2 the Scorcher, an adept DEFE of Vehumet (Shoals:1)
  4 deep elf sorcerers
  4 frost giants
  6 emperor scorpions (Spider:4)
  A draconian shifter (Depths:4)
  3 draconian scorchers (Zot:1)
  4 fire giants
  A spectral juggernaut (Crypt:3)
  3 ghost moths (Spider:4)
  13 vault wardens
  A draconian stormcaller (Zot:1)
  2 draconian annihilators
  4 broodmothers
  6 ghouls
  A reaper (Crypt:2)
  2 orc warlords
  6 stone giants
  A spriggan defender (Depths:3)
  A cacodemon (D:9)
  18 ironbound preservers
  8 quicksilver oozes
  7 formless jellyfish
  10 vampire knights
  9 very ugly things
  A demonspawn black sun (Zot:5)
  10 ironbound thunderhulks
  2 deep elf annihilators (Elf:3)
  3 deep elf death magi
  7 dire elephants
  8 green draconians
  A black draconian (Zot:5)
  3 spark wasps
  A red draconian (Depths:4)
  3 war gargoyles
  A white draconian (Zot:2)
  Azrael (D:12)
  2 purple draconians
  3 fire dragons
  6 merfolk impalers (Shoals:4)
  2 green deaths
  2 eidola (Crypt:2)
  12 jiangshi
  A deep elf high priest (Elf:3)
  4 entropy weavers
  7 merfolk javelineers
  4 mummy priests (Tomb:1)
  6 great orbs of eyes
  2 yaktaur captains
  4 ettins
  7 ice dragons
  A quicksilver dragon skeleton (Depths:1)
  An entropy weaver (shapeshifter) (D:14)
  7 vault guards
  A rakshasa (Depths:1)
  A jorogumo (Spider:4)
  A catoblepas (D:13)
  4 hydras
  5 peacekeepers
  13 ironbound frosthearts
  An alligator snapping turtle (Shoals:4)
  15 centaur warriors
  3 death knights
  10 boulder beetles
  4 merfolk aquamancers
  7 death scarabs (Tomb:1)
  4 merfolk avatars
  4 radroaches
  8 demonic crawlers
  3 satyrs
  4 two-headed ogres
  11 dancing weapons
  4 tengu warriors
  A sphinx skeleton (Depths:1)
  7 vampire magi
  4 deep troll earth magi
  A shock serpent (shapeshifter) (Depths:2)
  A two-headed ogre (shapeshifter) (D:15)
  2 deep troll shamans
  An occultist (Depths:2)
  3 death yaks (Lair:5)
  4 orc high priests
  6 deep elf knights
  2 spriggan berserkers (Depths:1)
  6 hell knights
  A soul eater (D:11)
  A sun demon (Depths:1)
  A storm dragon zombie (Crypt:1)
  2 spriggans (Depths:3)
  4 shadow wraiths (Crypt:3)
  17 skeletal warriors
  8 skysharks
  A titan skeleton (Depths:1)
  A sixfirhy (D:9)
  12 sea snakes
  4 pharaoh ants
  A glowing orange brain (shapeshifter) (Depths:2)
  A shadow demon (Depths:2)
  A glowing orange brain (Vaults:1)
  25 deep trolls
  2 iron trolls (Depths:4)
  6 flayed ghosts
  9 arcanists
  2 bog bodies
  7 orb spiders
  7 steelbarb worms
  A spriggan simulacrum (Crypt:1)
  A broodmother zombie (Crypt:1)
  2 phantasmal warriors
  6 deep elf archers
  5 lindwurms
  An orange crystal statue (Depths:1)
  22 deep elf zephyrmancers
  A shadow dragon zombie (Crypt:1)
  A tengu zombie (Depths:1)
  6 orc knights
  25 harpies
  12 ironbound convokers
  9 necromancers
  2 tengu skeletons
  A fenstrider witch simulacrum (Crypt:1)
  18 deep elf pyromancers
  A shadow dragon skeleton (Depths:1)
  39 ugly things
  5 orc sorcerers
  17 wolf spiders
  21 manticores
  3 fire giant zombies (Depths:1)
  7 cyclopes
  6 fauns
  10 moths of wrath
  6 shining eyes
  A human zombie (Vaults:4)
  Joseph (D:7)
  2 nameless horrors
  9 elephants (Lair:5)
  14 vault sentinels
  2 frost giant zombies (Depths:1)
  An alligator skeleton (Crypt:1)
  4 meliai
  A moth of wrath (shapeshifter) (D:14)
  14 merfolk sirens
  6 water nymphs
  A fire giant skeleton (Vaults:4)
  A dire elephant zombie (Crypt:1)
  A smoke demon (Depths:1)
  4 kobold blastminers (Orc:2)
  6 eyes of devastation
  4 torpor snails
  2 ice statues (IceCv)
  3 gargoyles
  5 black mambas
  A stone giant skeleton (Depths:1)
  3 orange demons
  An unseen horror (shapeshifter) (D:14)
  9 large abominations
  2 spriggan zombies
  A torpor snail (shapeshifter) (Depths:4)
  10 cane toads
  5 unseen horrors
  A hellion (D:9)
  A swamp worm zombie (Crypt:2)
  15 rime drakes
  Maggie (D:6)
  A human skeleton (Vaults:1)
  2 freezing wraiths (Crypt:1)
  11 komodo dragons
  20 yaktaurs
  4 guardian mummies (Tomb:1)
  A red devil (D:11)
  Psyche (D:8)
  12 trolls
  28 merfolk
  10 wind drakes
  A harpy zombie (Tomb:1)
  A polar bear (Lair:4)
  A queen bee (Lair:2)
  5 hornets
  2 ettin zombies (Depths:1)
  5 dream sheep
  22 tarantellas
  11 blink frogs
  19 jumping spiders
  2 glass eyes
  9 snapping turtles
  An elf zombie (Vaults:4)
  111 slime creatures
  An elf skeleton (Vaults:4)
  23 culicivoras
  9 wraiths
  A fire dragon skeleton (Crypt:1)
  9 air elementals
  4 wyverns
  2 ynoxinuls
  A shadow (D:11)
  An ushabti (Tomb:1)
  12 small abominations
  6 fire elementals
  19 humans (D:13)
  19 water elementals
  3 vampires (Vaults:2)
  43 yaks
  An ettin skeleton (Vaults:1)
  10 basilisks
  3 wargs
  A death yak simulacrum (D:13)
  61 redbacks
  Menkaure (D:7)
  A black mamba skeleton (Crypt:1)
  3 steam dragons
  4 vampire mosquitoes
  An acid dragon (D:12)
  4 hell hounds (D:12)
  A glowing shapeshifter skeleton (Vaults:1)
  Duvessa (D:6)
  4 black bears
  34 orc warriors
  A fire bat skeleton (Crypt:2)
  16 water moccasins
  An ettin simulacrum (Crypt:3)
  A sky beast (D:7)
  An elephant zombie (Crypt:2)
  26 wolves
  18 laughing skulls
  5 ogres
  2 boggarts
  A rime drake zombie (Crypt:2)
  A phantom (D:6)
  6 centaurs
  3 kobold brigands
  4 necrophages
  9 bullfrogs
  An earth elemental (Elf:1)
  A cyclops zombie (Crypt:2)
  5 gnoll sergeants
  A scorpion (D:7)
  2 two-headed ogre simulacra (D:13)
  3 burial acolytes (Crypt:3)
  Dowan (D:6)
  A lindwurm simulacrum (IceCv)
  7 wights
  2 elephant simulacra (D:13)
  34 killer bees
  A raiju skeleton (Crypt:1)
  5 vampire bats (Orc:1)
  3 howler monkeys
  6 electric eels
  A lava snake (Lair:2)
  4 bombardier beetles
  6 hounds
  A jelly (D:4)
  9 komodo dragon simulacra (IceCv)
  27 orc priests
  8 iguanas
  A sleepcap (D:6)
  28 orc wizards
  A polar bear simulacrum (D:13)
  2 wolf simulacra (D:13)
  4 mummies (Tomb:1)
  9 gnolls
  15 adders
  5 acid dragon simulacra (IceCv)
  2 white imps (D:7)
  2 ufetubi (D:6)
  6 steam dragon simulacra (IceCv)
  An adder zombie (Crypt:1)
  A ribbon worm (shapeshifter) (D:15)
  5 dart slugs
  4 ribbon worms
  120 orcs
  16 endoplasms
  8 giant cockroaches
  3 goblins
  4 hobgoblins
  4 jackals
  4 quokkas
  16 ball pythons
  10 bats
  An endoplasm zombie (Crypt:2)
  15 frilled lizards
  A hobgoblin zombie (Crypt:1)
  17 kobolds
  6 rats
  2 butterflies (Lair:3)
2053 creatures vanquished.

Vanquished Creatures (collateral kills)
  the Royal Jelly (Slime:5)
  A dread lich (Zot:5)
  An orb of fire (Zot:5)
  An ancient lich (Zot:5)
  Mennas (Tomb:1)
  A royal mummy (Tomb:1)
  A curse toe (Zot:4)
  3 caustic shrikes
  4 golden dragons
  A profane servitor (Crypt:3)
  2 electric golems
  A Brimstone Fiend (D:10)
  A lich (Depths:3)
  12 Orb Guardians
  2 quicksilver dragons (Zot:3)
  6 acid blobs (Slime:5)
  2 sphinxes (Tomb:1)
  3 deep elf master archers (Elf:3)
  6 death cobs
  An Executioner (Zot:5)
  6 shadow dragons
  5 storm dragons
  A tengu reaver (Depths:2)
  2 revenants
  A demonspawn warmonger (Zot:5)
  A draconian monk (Zot:1)
  6 rockslimes (Slime:5)
  The ghost of peter4 the Severer, a journeyman MiBe of Trog (Spider:1)
  A draconian knight (Zot:5)
  4 azure jellies (Slime:5)
  3 draconian shifters
  3 fire giants
  A protean progenitor (Zot:2)
  2 frost giants
  A ghost moth (Zot:4)
  A draconian stormcaller (Zot:1)
  A juggernaut zombie (Depths:1)
  2 draconian scorchers
  A caustic shrike zombie (Crypt:2)
  3 ghouls
  A stone giant (Depths:4)
  A draconian annihilator (Zot:1)
  4 very ugly things
  2 quicksilver oozes (Slime:5)
  4 green draconians
  A deep elf demonologist (Elf:3)
  4 deep elf annihilators (Elf:3)
  3 white draconians
  2 deep elf death magi (Elf:3)
  5 purple draconians
  3 red draconians
  A yellow draconian (Zot:1)
  A spark wasp (Depths:3)
  3 black draconians
  11 jiangshi
  2 fire dragons
  A deep elf high priest (Elf:3)
  2 ice dragons
  A great orb of eyes (Slime:5)
  A death knight (Crypt:3)
  A fenstrider witch skeleton (Crypt:1)
  2 boulder beetles (Zot:2)
  A sphinx skeleton (Depths:1)
  4 death scarabs (Tomb:1)
  A spriggan berserker (Depths:4)
  A dancing weapon (Elf:3)
  2 hell knights
  2 vampire magi
  A storm dragon zombie (Depths:1)
  A deep elf knight (Elf:3)
  A sun demon (Depths:1)
  3 skeletal warriors (Crypt:3)
  2 iron trolls (Depths:4)
  A storm dragon skeleton (Depths:1)
  2 deep trolls
  4 flayed ghosts
  A spriggan simulacrum (Crypt:1)
  2 necromancers
  A deep elf zephyrmancer (Elf:3)
  A phantasmal warrior (Depths:2)
  A deep elf pyromancer (Elf:3)
  A stone giant zombie (Crypt:1)
  10 moths of wrath
  2 ugly things
  3 large abominations
  A naga zombie (Crypt:1)
  A stone giant skeleton (Depths:1)
  A water nymph (Shoals:4)
  2 eyes of devastation (Slime:5)
  A centaur skeleton (Tomb:1)
  A shock serpent skeleton (Crypt:1)
  A frost giant skeleton (Depths:1)
  A minotaur zombie (Crypt:1)
  A freezing wraith (Crypt:3)
  A guardian mummy (Tomb:1)
  A tengu conjurer (Depths:2)
  A harpy zombie (Tomb:1)
  An unseen horror skeleton (Crypt:2)
  2 glass eyes (Depths:2)
  10 slime creatures
  2 shadows (Crypt:3)
  4 wraiths
  2 water elementals
  A chaos spawn (Depths:4)
  A demonspawn zombie (Crypt:1)
  4 laughing skulls
  2 small abominations (Depths:4)
  2 necrophages (Crypt:3)
  A burial acolyte (Crypt:3)
  5 mummies (Tomb:1)
  A quokka skeleton (Crypt:2)
252 creatures vanquished.

Vanquished Creatures (others)
  2 dread liches
  An orb of fire (Zot:5)
  2 ancient liches (Zot:5)
  A Killer Klown (Zot:5)
  A curse toe (Zot:1)
  A golden dragon (Zot:5)
  An electric golem (Zot:5)
  2 tentacled monstrosities (Zot:2)
  2 Orb Guardians (Zot:5)
  A walking frostbound tome (Depths:3)
  A death cob (Zot:5)
  2 storm dragons (Zot:4)
  A shadow dragon (Zot:4)
  2 draconian monks
  3 deep elf sorcerers (Elf:3)
  2 protean progenitors
  A draconian knight (Zot:2)
  A fire giant (Depths:4)
  An iron dragon (Depths:3)
  5 draconian scorchers
  A draconian annihilator (Zot:5)
  A deep elf elementalist (Elf:3)
  A reaper (Depths:4)
  2 deep elf annihilators (Elf:3)
  A green draconian (Zot:2)
  4 white draconians
  2 black draconians (Zot:2)
  A spark wasp (Depths:3)
  A purple draconian (Zot:1)
  7 yellow draconians
  3 red draconians
  A green death (Depths:4)
  2 boulder beetles (Zot:2)
  3 deep troll earth magi (Depths:4)
  2 hell knights (Depths:3)
  2 iron trolls (Depths:4)
  A shadow wraith (Depths:4)
  4 deep trolls (Depths:4)
  A storm dragon skeleton (Depths:1)
  A snapping turtle (shapeshifter) (Depths:2)
  2 large abominations (Depths:4)
  A necromancer (Crypt:3)
  A wolf spider (Depths:4)
  A shining eye (shapeshifter) (Depths:4)
  3 moths of wrath (Zot:4)
  3 eyes of devastation (Zot:4)
  An unseen horror (Depths:4)
  A hornet (Depths:4)
  A dream sheep (shapeshifter) (Depths:3)
  A slime creature (Slime:5)
  A water elemental (Shoals:4)
  3 vampire mosquitoes (Depths:4)
  4 small abominations (Depths:4)
  5 blazeheart cores
  163 fulminant prisms
  12 tentacles (Shoals:3)
277 creatures vanquished.

Grand Total: 2582 creatures vanquished

Table legend:
 A = Non-vault XP
 B = Vault XP
 C = Vault XP percentage of total XP
 D = Non-vault monster count
 E = Vault monster count
 F = Vault count percentage of total count
                 A         B        C        D         E       F
            +---------+---------+-------+---------+---------+-------
      Total |  641212 |  553700 |  46.3 |    1354 |     915 |  40.3
            +---------+---------+-------+---------+---------+-------
        D:1 |      29 |       0 |   0.0 |      11 |       0 |   0.0
        D:2 |     151 |       0 |   0.0 |      29 |       0 |   0.0
        D:3 |     100 |      13 |  11.5 |      18 |       1 |   5.3
        D:4 |     230 |      40 |  14.8 |      19 |       3 |  13.6
        D:5 |     546 |      43 |   7.3 |      14 |       3 |  17.6
        D:6 |    1217 |     581 |  32.3 |      21 |       3 |  12.5
        D:7 |    1702 |    4431 |  72.2 |      29 |      15 |  34.1
        D:8 |     682 |     314 |  31.5 |      14 |       1 |   6.7
        D:9 |    3268 |       0 |   0.0 |      35 |       0 |   0.0
       D:10 |     541 |    4437 |  89.1 |       9 |      45 |  83.3
       D:11 |    3525 |    5747 |  62.0 |      14 |      20 |  58.8
       D:12 |    4134 |    2127 |  34.0 |      17 |       8 |  32.0
       D:13 |    9486 |    9203 |  49.2 |      16 |      34 |  68.0
       D:14 |   13176 |    9714 |  42.4 |      27 |      16 |  37.2
       D:15 |   13983 |    4309 |  23.6 |      29 |       7 |  19.4
     Lair:1 |    7311 |     819 |  10.1 |      29 |       1 |   3.3
     Lair:2 |    7283 |    2778 |  27.6 |      32 |      30 |  48.4
     Lair:3 |    6832 |       0 |   0.0 |      22 |       0 |   0.0
     Lair:4 |    5327 |     752 |  12.4 |      24 |       1 |   4.0
     Lair:5 |   15767 |    9047 |  36.5 |      43 |      19 |  30.6
   Shoals:1 |   13385 |    2655 |  16.6 |      26 |       2 |   7.1
   Shoals:2 |   14949 |    4853 |  24.5 |      32 |       8 |  20.0
   Shoals:3 |   20435 |       0 |   0.0 |      35 |       0 |   0.0
   Shoals:4 |   13270 |   21441 |  61.8 |      28 |      45 |  61.6
   Spider:1 |   14825 |    1299 |   8.1 |      38 |       1 |   2.6
   Spider:2 |   13428 |    2428 |  15.3 |      38 |       2 |   5.0
   Spider:3 |   10392 |       0 |   0.0 |      28 |       0 |   0.0
   Spider:4 |   14785 |   26272 |  64.0 |      38 |      48 |  55.8
    Slime:1 |   21406 |       0 |   0.0 |      32 |       0 |   0.0
    Slime:2 |   11561 |       0 |   0.0 |      32 |       0 |   0.0
    Slime:3 |   13989 |    7505 |  34.9 |      25 |       1 |   3.8
    Slime:4 |   10562 |       0 |   0.0 |      15 |       0 |   0.0
    Slime:5 |   13857 |   22765 |  62.2 |      23 |      18 |  43.9
      Orc:1 |    3429 |     287 |   7.7 |      35 |       9 |  20.5
      Orc:2 |    3180 |   12013 |  79.1 |      30 |      76 |  71.7
      Elf:1 |    8963 |   10183 |  53.2 |      16 |      16 |  50.0
      Elf:2 |   18580 |    1649 |   8.2 |      28 |       2 |   6.7
      Elf:3 |    6716 |   28500 |  80.9 |      12 |      26 |  68.4
   Vaults:1 |   32841 |   15328 |  31.8 |      53 |      24 |  31.2
   Vaults:2 |   30622 |   16697 |  35.3 |      35 |      23 |  39.7
   Vaults:3 |    9729 |   25052 |  72.0 |      14 |      34 |  70.8
   Vaults:4 |   19136 |   25854 |  57.5 |      30 |      25 |  45.5
    Crypt:1 |   27819 |   12573 |  31.1 |      45 |       9 |  16.7
    Crypt:2 |   17568 |       0 |   0.0 |      31 |       0 |   0.0
    Crypt:3 |       0 |   60515 | 100.0 |       0 |      91 | 100.0
     Tomb:1 |    3922 |   35693 |  90.1 |      16 |      28 |  63.6
   Depths:1 |   17835 |   29239 |  62.1 |      22 |      40 |  64.5
   Depths:2 |   14081 |   22080 |  61.1 |      19 |      26 |  57.8
   Depths:3 |   12359 |   26163 |  67.9 |      15 |      12 |  44.4
   Depths:4 |   28803 |   17210 |  37.4 |      24 |      26 |  52.0
      Zot:1 |   31165 |   11905 |  27.6 |      27 |      13 |  32.5
      Zot:2 |   17710 |       0 |   0.0 |      16 |       0 |   0.0
      Zot:3 |   15486 |       0 |   0.0 |      14 |       0 |   0.0
      Zot:4 |   12394 |    7106 |  36.4 |      11 |       5 |  31.2
      Zot:5 |   26740 |   47896 |  64.2 |      19 |      23 |  54.8
      Sewer |       0 |     292 | 100.0 |       0 |      47 | 100.0
      IceCv |       0 |    3892 | 100.0 |       0 |      28 | 100.0
            +---------+---------+-------+---------+---------+-------

Skill      XL: |  1  2  3  4  5  6  7  8  9 10 11 12 13 14 15 16 17 18 19 20 21 22 23 24 25 26 |
---------------+-------------------------------------------------------------------------------+-----
Conjurations   | 1 2 3 4 5 6 7 8 10 12 13 14 16 18 19 | 19.0
Alchemy        | 3 4 5 6 7 8 10 | 10.0
Spellcasting   | 3 4 6 7 9 10 12 13 14 16 18 20 | 20.0
Air Magic      | 1 2 3 4 5 6 7 8 9 11 | 11.0
Fighting       | 2 3 4 5 7 8 10 11 14 16 18 19 | 19.9
Fire Magic     | 1 2 4 5 6 8 |  8.0
Armour         | 1 3 4 5 6 7 10 | 10.5
Staves         | 4 6 7 8 10 12 | 12.0
Ice Magic      | 6 7 8 9 11 12 | 12.0
Evocations     | 2 3 |  3.0
Dodging        | 2 6 7 9 12 | 12.0
Translocations | 2 4 6 8 |  8.0
Shields        | 5 9 11 12 | 12.0
Summonings     | 7 9 12 14 15 16 18 | 18.1
Stealth        | |  1.4

Action                     |  1- 3 |  4- 6 |  7- 9 | 10-12 | 13-15 | 16-18 | 19-21 | 22-24 | 25-27 || total
---------------------------+-------+-------+-------+-------+-------+-------+-------+-------+-------++-------
  Melee: Short sword       |     8 |    13 |       |       |       |       |       |       |       ||    21
         Headbutt          |     1 |     2 |    22 |    37 |    52 |    91 |   100 |   153 |    66 ||   524
         Punch             |     1 |       |     2 |     1 |     1 |       |       |       |       ||     5
         Dagger            |       |    22 |    87 |       |       |       |       |       |       ||   109
         Whip              |       |       |       |    58 |       |       |       |       |       ||    58
         Staff             |       |       |       |   104 |   196 |   293 |   302 |   440 |   226 ||  1561
   Cast: Sting             |    45 |   208 |   132 |    84 |   104 |     4 |       |       |       ||   577
         Mercury Vapours   |     2 |     4 |     9 |     7 |     1 |    26 |     2 |       |       ||    51
         Mephitic Cloud    |       |     1 |     9 |    14 |     3 |     1 |       |       |       ||    28
         Olgreb's Toxic Ra |       |       |    11 |    44 |   128 |   153 |    43 |     2 |     1 ||   382
         Sticky Flame      |       |       |    19 |   125 |   138 |    92 |    30 |    26 |     7 ||   437
         Freezing Cloud    |       |       |       |     4 |    99 |   119 |   185 |    10 |     4 ||   421
         Fulminant Prism   |       |       |       |     3 |    26 |    39 |    59 |    36 |       ||   163
         Iskenderun's Myst |       |       |       |       |    21 |   119 |   253 |   161 |    31 ||   585
         Irradiate         |       |       |       |       |       |     2 |    10 |       |     3 ||    15
         Summon Blazeheart |       |       |       |       |       |     3 |     3 |     1 |       ||     7
         Orb of Destructio |       |       |       |       |       |       |    39 |   368 |   146 ||   553
         Spellforged Servi |       |       |       |       |       |       |       |   117 |    60 ||   177
         Summon Cactus Gia |       |       |       |       |       |       |       |     8 |    20 ||    28
         Passage of Golubr |       |       |       |       |       |       |       |       |     2 ||     2
 Invoke: Call Merchant     |       |       |       |       |     1 |     2 |       |     1 |       ||     4
         Potion Petition   |       |       |       |       |       |     1 |     3 |     1 |     3 ||     8
         Bribe Branch      |       |       |       |       |       |       |       |     1 |     3 ||     4
  Evoke: Wand              |       |       |       |     1 |       |    11 |       |     2 |     9 ||    23
         Condenser vane    |       |       |       |       |       |     1 |       |       |       ||     1
         Lightning rod     |       |       |       |       |       |       |       |     3 |       ||     3
    Use: Potion            |     1 |     1 |       |     2 |     1 |     3 |     3 |     3 |    13 ||    27
         Scroll            |       |       |     8 |     4 |    11 |    14 |    12 |     9 |    11 ||    69
   Stab: Sleeping          |       |     1 |       |       |       |     1 |       |     2 |       ||     4
         Distracted        |       |     1 |       |     1 |     1 |       |     3 |     8 |     6 ||    20
         Invisible         |       |       |       |       |       |     1 |       |       |     1 ||     2
 Armour: Robe              |    17 |    77 |    44 |       |       |       |       |       |       ||   138
         Acid dragon scale |       |       |    51 |   224 |   340 |   715 |   438 |   524 |   263 ||  2555
  Dodge: Dodged            |     9 |    70 |   134 |   202 |   216 |   203 |   130 |   213 |   105 ||  1282
         Repelled          |       |       |       |       |       |       |     5 |       |       ||     5
  Block: Kite shield       |       |       |       |       |    62 |   397 |   209 |   406 |   216 ||  1290

Illustrated notes

Table legend:
 A = Kills in this place as a percentage of kills in the entire game.
 B = Kills by you in this place as a percentage of kills by you in the entire game.
 C = Kills by friends in this place as a percentage of kills by friends in the entire game.
 D = Other kills in this place as a percentage of other kills in the entire game.
 E = Experience gained in this place as a percentage of experience gained in the entire game.
 F = Experience gained in this place divided by the number of levels of this place that you have seen.
                   A       B       C       D       E      F
               +-------+-------+-------+-------+-------+----------------------
         Total | 100.0 | 100.0 | 100.0 | 100.0 | 100.0 | 20583.8
       Dungeon |  20.5 |  22.9 |   0.4 |  11.8 |   8.7 | 7060.6
          Lair |   8.8 |   9.8 |   0.0 |  11.8 |   4.6 | 11183.2
        Shoals |   7.7 |   8.5 |   0.8 |   5.9 |   7.5 | 22747.0
   Spider Nest |   8.5 |   9.5 |   0.4 |   0.0 |   6.9 | 20857.2
    Slime Pits |   6.4 |   6.1 |   9.2 |   0.0 |   8.4 | 20329.0
  Orcish Mines |   6.6 |   7.4 |   0.0 |   0.0 |   1.6 | 9454.5
   Elven Halls |   4.4 |   4.0 |   6.3 |  17.6 |   6.1 | 24863.7
        Vaults |  10.4 |  11.7 |   0.0 |   0.0 |  14.4 | 43814.8
         Crypt |   7.7 |   6.5 |  18.9 |   0.0 |   9.8 | 39491.7
          Tomb |   1.9 |   1.3 |   7.1 |   0.0 |   3.3 | 39615.0
        Depths |   8.1 |   6.1 |  24.8 |  11.8 |  14.0 | 42408.0
           Zot |   5.8 |   2.5 |  31.9 |  29.4 |  14.5 | 35178.4
         Sewer |   2.1 |   2.2 |   0.0 |  11.8 |   0.0 | 292.0
      Ice Cave |   1.2 |   1.4 |   0.0 |   0.0 |   0.3 | 3892.0
               +-------+-------+-------+-------+-------+----------------------

Table legend: (Time is in decaauts)
 A = Elapsed time spent in this place.
 B = Non-inter-level travel time spent in this place.
 C = Inter-level travel time spent in this place.
 D = Time resting spent in this place.
 E = Time spent auto-exploring this place.
 F = Levels seen in this place.
 G = Mean time per level.
                   A        B        C        D        E       F      G
               +--------+--------+--------+--------+--------+-----+--------+
         Total |  68803 |  59689 |   9114 |   8581 |  16610 |  59 | 1166.2 |
       Dungeon |  17887 |  14425 |   3462 |   2684 |   3734 |  15 | 1192.5 |
        Temple |     16 |     16 |      0 |      0 |      0 |   1 |   16.0 |
          Lair |   6473 |   4860 |   1613 |    535 |    443 |   5 | 1294.6 |
        Shoals |   3911 |   3621 |    290 |    346 |   1318 |   4 |  977.8 |
   Spider Nest |   4570 |   3970 |    600 |    544 |    897 |   4 | 1142.5 |
    Slime Pits |   3314 |   3060 |    254 |    495 |    510 |   5 |  662.8 |
  Orcish Mines |   2543 |   2244 |    299 |    255 |    641 |   2 | 1271.5 |
   Elven Halls |   3694 |   3235 |    459 |    521 |    764 |   3 | 1231.3 |
        Vaults |   7216 |   6390 |    826 |    845 |   2117 |   4 | 1804.0 |
         Crypt |   4626 |   4121 |    505 |    480 |   1397 |   3 | 1542.0 |
          Tomb |   1414 |   1414 |      0 |    318 |    115 |   1 | 1414.0 |
        Depths |   7537 |   7098 |    439 |    863 |   3363 |   4 | 1884.2 |
           Zot |   4512 |   4149 |    363 |    444 |   1272 |   5 |  902.4 |
         Trove |     62 |     62 |      0 |      0 |      0 |   1 |   62.0 |
         Sewer |    502 |    502 |      0 |    201 |      0 |   1 |  502.0 |
      Ice Cave |    517 |    517 |      0 |     48 |     39 |   1 |  517.0 |
               +--------+--------+--------+--------+--------+-----+--------+

Top non-repeatable levels by time:
Depths:1: 2832 daAuts
    D:11: 2302 daAuts
    D:13: 2264 daAuts
Vaults:1: 2186 daAuts
 Crypt:3: 2080 daAuts
Vaults:2: 1864 daAuts
Depths:4: 1857 daAuts
  Lair:2: 1826 daAuts
Vaults:4: 1806 daAuts
    D:10: 1756 daAuts
     D:7: 1726 daAuts
   Orc:2: 1670 daAuts
Spider:4: 1664 daAuts
   Elf:3: 1600 daAuts
Depths:2: 1531 daAuts
